 Dungeon Crawl Stone Soup version 0.17-a0-1691-g18a3847 (console) character file.

628177 otabotab the Acrobat (level 27, -9/188 HPs)
             Began as a Minotaur Fighter on Aug 20, 2015.
             Was an Elder of Trog.
             Mangled by a bone dragon (12 damage)
             ... on level 3 of the Abyss.
             The game lasted 01:32:36 (61291 turns).

otabotab the Acrobat (Minotaur Fighter)            Turns: 61291, Time: 01:32:36

Health: -9/188     AC: 42    Str: 20      XL:     27
Magic:  15/15      EV: 27    Int: -4      God:    Trog [****..]
Gold:   0          SH:  0    Dex: 17 (18) Spells: 0 memorised, 26 levels left

rFire  . . .     SeeInvis +     I - +9 battleaxe (vamp)
rCold  + . .     Rnd*Rage +     u - +7 plate armour {rPois}
rNeg   + + +     SustAt   .     (no shield)
rPois  +         Gourm    .     p - +2 hat
rElec  .         Spirit   .     i - +1 cloak "Seitsetu" {MR+ Str+2}
rCorr  .         Warding  .     k - +2 pair of gloves of the Cuttlefish {rC+ rN+++ Int-5 SInv}
rMut   .         Rnd*Tele +     l - +2 pair of boots
MR     +++..                    j - amulet of faith
Stlth  ..........               m - +5 ring of protection
                                g - +5 ring of evasion

@: exhausted, very slightly contaminated, non-regenerating, diseased, slowed,
lost intelligence, very slow, extremely resistant to hostile enchantments,
extremely unstealthy
A: retaliatory headbutt, horns 2, talons 1, berserk 3, blurry vision 3, clumsy
2, deformed body, deterioration 2, dopey 2, frail 3, low mp 3, screaming 2,
teleportitis 3, weak 2, no device heal 3, subdued magic 3, MP-powered wands
a: Burn Spellbooks, Berserk, Trog's Hand, Brothers in Arms, Renounce Religion
}: 3/15 runes: barnacled, silver, gossamer


You were on level 3 of the Abyss.
You worshipped Trog.
Trog was greatly pleased with you.
You were very hungry.

You visited 7 branches of the dungeon, and saw 44 of its levels.
You visited the Abyss 1 time.
You also visited: Ossuary.


Innate Abilities, Weirdness & Mutations

You reflexively headbutt those who attack you in melee.
You have a pair of horns on your head.
You have sharp toenails.
You have an uncontrollable temper.
Your body often deteriorates upon taking damage.
You are very dopey. (Int -4)
You expend magic power (3 MP) to strengthen your wands.
[Scrolls take you much longer to read.]
[You are very clumsy. (Dex -4)]
[Armour fits poorly on your strangely shaped body.]
[You are extremely frail (-30% HP).]
[Your magical capacity is extremely low (-30% MP).]
[You sometimes yell uncontrollably at your foes.]
[You are often teleported to nearby monsters.]
[You are very weak. (Str -4)]
[Potions and wands cannot restore your health.]
[Your spells are much easier to cast, but much less powerful.]


   Skills:
 + Level 26.2 Fighting
 - Level 26.0 Axes
 - Level 26.3 Armour
 + Level 26.5 Dodging
   Level 3.6 Shields


You had 26 spell levels left.
You didn't know any spells.

Inventory:

Hand weapons
 I - a +9 vampiric battleaxe (weapon)
Armour
 i - the +1 cloak "Seitsetu" (worn) {MR+ Str+2}
   (You acquired it on level 2 of the Shoals)

   It affects your strength (+2).
   It affects your resistance to hostile enchantments.
 k - the +2 pair of gloves of the Cuttlefish (worn) {rC+ rN+++ Int-5 SInv}
   (You acquired it on level 4 of the Depths)

   It affects your intelligence (-5).
   It protects you from cold.
   It renders you almost immune to negative energy.
   It lets you see invisible.
 l - a +2 pair of boots (worn)
 p - a +2 hat (worn)
 s - a +2 cloak
 u - a +7 plate armour of poison resistance (worn)
 w - a gold dragon hide
 E - a +1 cloak of magic resistance
Jewellery
 g - a +5 ring of evasion (left hand)
 j - an amulet of faith (around neck)
 m - a +5 ring of protection (right hand)
 D - an uncursed ring of fire
Scrolls
 a - 10 scrolls of recharging
 b - 21 scrolls of remove curse
 f - 30 scrolls of identify
 t - a scroll of enchant weapon
 y - a scroll of acquirement
 Y - a scroll of brand weapon {unknown}
Potions
 d - 8 potions of might
 n - 17 potions of curing
 r - 5 potions of haste
 z - 4 potions of resistance
 G - 2 potions of cancellation
Comestibles
 e - 12 meat rations
 v - 22 bread rations
 A - 16 royal jellies

Dungeon Overview and Level Annotations

Branches:
Dungeon (15/15)            Temple (0/1) D:5            Lair (8/8) D:10
 Shoals (4/4) Lair:4       Spider (4/4) Lair:5        Slime (0/6) Lair:7
    Orc (3/4) D:12            Elf (0/3) Orc:3        Vaults (5/5) D:14
  Crypt (0/3) Vaults:3     Depths (5/5) D:15            Zot (0/5) Depths:5

Altars:
Ashenzari
Dithmenos
Elyvilon
Fedhas
Kikubaaqudgha
Makhleb
Nemelex Xobeh
Sif Muna
Trog
Vehumet
Xom
Zin
The Shining One
Beogh

Shops:
D:11 (   D:14 *(=*}   D:15 !   Orc:1 *   Vaults:5 %%?

Portals:
Hell: Depths:1 Depths:2 Depths:3 Depths:4 Depths:5
Abyss: Depths:1 Depths:4
Pandemonium: Depths:2 Depths:3
Ziggurat: Depths:1
Trove: Depths:5 (give 2 scrolls of acquirement)

Annotations:
Depths:2 1 runed door


Message History

The thrashing horror is almost destroyed.
You slice the large abomination!!
The large abomination is severely damaged.
You hit the starcursed mass.
The starcursed mass is heavily damaged.
The starcursed mass shudders and withdraws towards its neighbour. x6
You closely miss the hellwing.
The hellwing is lightly wounded.
You closely miss the hell hound. You barely miss the bone dragon.
The bone dragon is heavily damaged.
You hit the bone dragon but do no damage.
The bone dragon is moderately damaged.
The thrashing horror closely misses you.
The thrashing horror tramples you but does no damage.
The thrashing horror misses you. You furiously retaliate!
You headbutt the thrashing horror.
The thrashing horror completely misses you.
The hell hound breathes flames at you. The blast of flame misses you.
The bone dragon bites you!
You die... ∙∙∙∙∙∙ ∙∙∙∙∙∙∙∙ ∙∙∙ ∙∙∙∙ ∙∙ ∙∙ ∙∙∙∙∙∙∙ ∙∙)∙ ∙∙∙ ▒ ▒▒∙∙∙∙∙∙∙∙∙∙∙∙∙∙∙∙∙ ▒∙∙∙∙∙∙ ∙∙∙∙∙∙∙∙∙ ∙∙∙∙∙∙∙ ▒∙∙∙∙∙∙▒ ∙ ▒∙∙∙∙∙▒▒)∙∙∙∙∙▒▒∙ ∙ ▒▒∙∙∙∙∙h∙XXh∙∙∙∙∙∙∙∙ ∙∙∙∙∙∙hZXX3∙∙∙∙∙∙

∙
▒∙(∙∙∙4hDX∙∙∙∙∙∙∙∙%∙
▒∙∙∙∙X@D*X∙∙∙[∙∙∙% ∙
▒∙▒∙▒▒X▒XX∙▒∙▒▒∙▒∙▒
∙ ▒∙▒▒▒XX▒%(∙)∙ ▒
∙∙∙∙∙∙▒▒▒∙▒▒
∙▒▒∙∙▒∙▒[ ∙∙∙ ▒▒
▒▒∙▒∙% ∙▒∙∙▒ ∙
∙∙∙∙∙▒∙≈∙∙∙
#∙∙▒∙∙▒∙▒ ∙≈ ∙▒ ∙
▒▒∙ ∙∙ ▒∙ ▒ ∙∙ ∙∙ ∙
▒▒ ▒


You could see 2 bone dragons, 8 starcursed masses, a wretched star, 2 thrashing
horrors, 2 large abominations, a hellwing, a smoke demon, 4 hell hounds and a
titan skeleton.

Vanquished Creatures
  Mara (Depths:3)
  Norris (Spider:2)
  Saint Roka (Depths:3)
  7 golden dragons
  Jory (Depths:4)
  the Enchantress (Depths:1)
  8 bone dragons
  9 liches
  Jorgrun (Vaults:2)
  4 tentacled monstrosities
  The ghost of Amnekian the Spry, a mighty TrMo of Ru (Shoals:1)
  2 Hell Sentinels (Abyss:2)
  Asterion (Depths:1)
  3 titans
  32 tentacled starspawn
  6 sphinxes
  2 quicksilver dragons
  3 Executioners (Abyss:2)
  3 octopode crushers (Depths:2)
  Frances (Spider:2)
  13 tengu reavers
  Roxanne (Spider:1)
  Ilsuiw (Shoals:4)
  2 shadow dragons
  3 storm dragons
  Wiglaf (Depths:2)
  2 revenants (Abyss:2)
  2 daevas
  Maud (Orc:2)
  2 iron dragons
  5 balrugs
  A draconian knight (Abyss:2)
  A deep elf sorcerer (Abyss:2)
  13 vault wardens
  18 fire giants
  Aizul (Shoals:4)
  Louise (Shoals:3)
  10 frost giants
  4 ghost moths
  A draconian scorcher (Abyss:2)
  5 emperor scorpions
  An orc warlord (Orc:3)
  An angel (Abyss:3)
  2 draconian zealots (Abyss:2)
  2 draconian annihilators
  4 cacodemons
  13 ironheart preservers
  20 stone giants
  18 very ugly things
  6 spriggan defenders
  A vampire knight (Depths:2)
  2 draconian callers (Depths:5)
  4 war gargoyles
  A deep elf demonologist (Abyss:2)
  A black draconian (Depths:5)
  2 deep elf annihilators
  A lorocyproca (Abyss:2)
  A purple draconian (Abyss:2)
  A white draconian (Abyss:2)
  3 red draconians (Depths:5)
  7 ettins
  Snorg (D:11)
  3 merfolk javelineers (Shoals:4)
  3 deep elf death magi
  4 deep elf high priests
  3 green deaths (Abyss:2)
  30 vault guards
  2 blizzard demons (Abyss:2)
  An eidolon (Abyss:2)
  4 merfolk impalers
  9 great orbs of eyes
  19 yaktaur captains
  11 jiangshi
  10 fire dragons
  8 entropy weavers
  10 rakshasas
  3 naga warriors
  15 ice dragons
  2 hydras
  5 merfolk avatars
  Erolcha (D:10)
  2 spriggan air magi
  An alligator snapping turtle (Shoals:1)
  11 centaur warriors
  An anaconda (shapeshifter) (Abyss:3)
  A catoblepas (Lair:3)
  11 merfolk aquamancers
  3 deep troll earth magi
  3 satyrs
  12 tengu warriors
  4 deep troll shamans
  6 vampire magi
  9 hell hogs
  22 thrashing horrors
  5 death yaks
  Urug (Lair:3)
  A soul eater (Depths:3)
  8 ogre magi
  7 spriggan berserkers
  A hell knight (Vaults:5)
  10 sun demons
  Sonja (D:10)
  Nergalle (D:10)
  7 deep elf knights
  32 wretched stars
  5 shadow wraiths
  An iron troll (Depths:4)
  12 sea snakes
  7 unseen horrors
  7 skeletal warriors
  9 spatial maelstroms (Abyss:2)
  A death drake (Abyss:2)
  An anaconda zombie (Abyss:2)
  3 flayed ghosts
  2 ice devils
  2 deep elf summoners
  18 deep trolls
  A swamp dragon (shapeshifter) (Vaults:5)
  9 giant orange brains
  13 orc knights
  A putrid demonspawn (Depths:3)
  An unseen horror (shapeshifter) (Vaults:4)
  8 hill giants
  An orb spider (shapeshifter) (Vaults:2)
  25 harpies
  A deep elf conjurer (Vaults:5)
  A wolf spider zombie (Abyss:2)
  65 ugly things
  14 ironbrand convokers
  11 cyclopes
  A necromancer (Abyss:3)
  A mana viper (Abyss:2)
  5 phantasmal warriors
  2 shining eyes
  18 orb spiders
  3 fauns (Shoals:4)
  A lindwurm (shapeshifter) (Vaults:5)
  2 orc sorcerers
  A salamander (shapeshifter) (Vaults:4)
  12 griffons
  12 manticores
  A frost giant zombie (Abyss:2)
  An iron dragon skeleton (Abyss:2)
  37 wolf spiders
  10 hornets
  A salamander (Abyss:2)
  5 water nymphs
  19 worldbinders
  11 orange demons
  A water nymph (shapeshifter) (Abyss:2)
  4 centaur zombies
  A shining eye (shapeshifter) (Vaults:5)
  An eye of devastation (Abyss:3)
  A moth of wrath (Spider:2)
  10 apocalypse crabs
  9 elephants
  8 sirens
  2 wizards
  11 vault sentinels
  6 rust devils
  A stone giant skeleton (Abyss:2)
  3 naga magi (Abyss:2)
  Joseph (D:8)
  8 black mambas
  A storm dragon simulacrum (Vaults:2)
  4 guardian serpents
  12 spiny frogs
  A gargoyle (D:12)
  An eye of devastation (shapeshifter) (Vaults:2)
  3 torpor snails (shapeshifter) (Vaults:5)
  2 spiny frogs (shapeshifter)
  2 centaur skeletons
  29 smoke demons
  9 sixfirhies
  5 kobold demonologists
  A fire drake (Lair:6)
  A titan simulacrum (Abyss:2)
  3 blue devils
  A tormentor (Abyss:2)
  18 demonic crawlers
  2 hellions (Abyss:2)
  16 hellwings
  42 yaktaurs
  A troll (shapeshifter) (Vaults:2)
  2 harpy zombies (Abyss:2)
  8 efreet
  8 komodo dragons
  A queen bee (shapeshifter) (Vaults:1)
  2 fire drakes (shapeshifter)
  11 trolls
  26 jumping spiders
  2 jumping spiders (shapeshifter)
  41 ancient zymes
  6 deep elf priests
  8 red devils
  7 tengu conjurers
  A two-headed ogre (shapeshifter) (D:12)
  A merfolk (shapeshifter) (D:12)
  A polar bear (Lair:5)
  7 freezing wraiths
  15 two-headed ogres
  4 boulder beetles
  A queen bee (Depths:2)
  Prince Ribbit (D:6)
  6 snapping turtles
  2 wind drakes
  24 merfolk
  A frost giant simulacrum (Vaults:2)
  A harpy skeleton (Abyss:2)
  2 hydra skeletons (Abyss:2)
  20 blink frogs
  A raiju (shapeshifter) (Abyss:2)
  9 slime creatures
  A sphinx simulacrum (Vaults:3)
  An ettin zombie (Abyss:2)
  90 raiju
  A blink frog (shapeshifter) (Abyss:2)
  An alligator zombie (Abyss:2)
  A centaur simulacrum (D:14)
  An air elemental (Abyss:2)
  A stone giant simulacrum (Abyss:2)
  14 flying skulls
  An ice dragon skeleton (Abyss:3)
  17 tarantellas
  16 spriggans
  17 trapdoor spiders
  Sigmund (D:6)
  4 deep elf magi
  53 redbacks
  116 starcursed masses
  3 fire giant simulacra
  2 vampires
  14 ynoxinuls (Abyss:2)
  14 fire bats
  5 shadows
  2 basilisks (shapeshifter)
  3 humans (Vaults:4)
  2 wyverns (D:13)
  A spriggan (shapeshifter) (Vaults:4)
  19 water elementals
  4 basilisks
  64 yaks
  2 hogs (shapeshifter)
  6 deep elf fighters
  5 wraiths
  13 chaos spawn
  30 neqoxecs
  2 golden eyes (shapeshifter)
  3 mottled dragons
  2 hungry ghosts
  3 soldier ants
  5 wargs
  8 vampire mosquitoes
  5 hogs (Shoals:3)
  A human (shapeshifter) (Abyss:3)
  A soldier ant (shapeshifter) (Vaults:2)
  12 spatial vortices (Abyss:2)
  30 insubstantial wisps
  17 hippogriffs
  A hydra simulacrum (Abyss:2)
  15 wolves
  14 water moccasins
  18 hell hounds
  99 large abominations
  11 porcupines
  6 nagas
  4 black bears
  A spiny frog skeleton (Abyss:2)
  4 eyes of draining
  14 spiders
  74 small abominations
  A manticore zombie (Abyss:2)
  35 orc warriors
  2 phantoms
  4 ice beasts
  5 boggarts (D:15)
  8 wasps
  4 sky beasts
  A centaur (shapeshifter) (Depths:2)
  23 ogres
  27 centaurs
  4 brain worms
  Blork the orc (D:6)
  12 crocodiles
  3 elf zombies (Ossuary)
  An elf skeleton (Abyss:2)
  3 earth elementals (Abyss:2)
  8 big kobolds
  9 giant frogs
  A water moccasin zombie (D:9)
  2 wights
  38 scorpions
  37 killer bees
  14 quasits
  5 electric eels
  A wyvern simulacrum (D:14)
  8 crimson imps
  A human simulacrum (Vaults:2)
  9 iron imps
  12 jellies
  20 orc priests
  25 orc wizards
  A giant frog skeleton (D:10)
  11 iguanas
  11 hounds
  A human zombie (Ossuary)
  12 worker ants
  20 sheep
  3 big kobold zombies (Ossuary)
  2 ogre skeletons (Abyss:2)
  3 hound skeletons
  2 hound zombies (D:7)
  2 mummies (Ossuary)
  4 gnolls (D:4)
  A worker ant zombie (D:3)
  35 river rats
  17 adders
  4 shadow imps
  26 white imps
  11 ufetubi
  4 oozes
  An adder zombie (D:6)
  An adder skeleton (D:4)
  A worm (D:2)
  5 giant geckos
  118 orcs
  A ball python (D:1)
  4 bats
  4 giant cockroaches
  7 hobgoblins
  12 jackals
  29 kobolds
  6 giant newts
  5 goblins
  3 goblin zombies (Ossuary)
  8 hobgoblin zombies (Ossuary)
  11 kobold zombies (Ossuary)
  8 orc zombies (Ossuary)
  4 quokkas
  2 quokka zombies
  5 rats
  A rat zombie (D:4)
  4 crawling corpses
  3 fungi
  A lurking horror (Abyss:2)
  8 plants
  A spectral weapon (Depths:1)
  36 starspawn tentacles
  A starspawn tentacle segment (Abyss:3)
3032 creatures vanquished.

Vanquished Creatures (collateral kills)
  4 liches
  Polyphemus (Shoals:3)
  2 sphinxes
  Kirke (Shoals:3)
  A tentacled starspawn (Abyss:2)
  An orc warlord (Orc:3)
  A frost giant (Depths:1)
  A fire giant (Depths:5)
  2 very ugly things (Abyss:2)
  A vampire knight (D:12)
  A merfolk javelineer (Shoals:4)
  A yaktaur captain (Depths:2)
  An ettin (Depths:2)
  A fire dragon (Depths:3)
  3 hydras
  A rakshasa (Depths:2)
  A quicksilver dragon skeleton (Abyss:2)
  3 spriggan air magi (Depths:2)
  2 catoblepae
  A tengu warrior (D:15)
  A deep troll earth mage (Depths:1)
  2 death yaks (Lair:8)
  A wretched star (Abyss:2)
  2 iron trolls (Depths:5)
  A deep troll (Depths:5)
  A spatial maelstrom (Abyss:2)
  2 giant orange brains (Abyss:2)
  An ugly thing (Abyss:2)
  A faun (Shoals:4)
  A cyclops (D:15)
  4 elephants (Lair:7)
  2 smoke demons (Abyss:2)
  An apocalypse crab (Abyss:2)
  A hellion (Abyss:2)
  A spiny frog (Lair:1)
  A hellwing (Abyss:3)
  A merfolk (Shoals:3)
  2 flying skulls (Abyss:3)
  A wyvern (D:12)
  3 yaks (D:11)
  An air elemental (Abyss:2)
  A ynoxinul (Abyss:2)
  A hippogriff (Shoals:4)
  2 chaos spawn
  A spatial vortex (Abyss:2)
  An insubstantial wisp (Abyss:2)
  A warg (Orc:3)
  2 small abominations (Abyss:2)
  5 orc warriors
  A large abomination (Abyss:2)
  An ogre (Orc:3)
  A wasp (Spider:1)
  4 centaurs
  A brain worm (Abyss:2)
  A scorpion (Lair:5)
  A quasit (Abyss:2)
  2 orc wizards
  A worm (Lair:5)
  11 orcs
  A giant cockroach (Lair:5)
100 creatures vanquished.

Vanquished Creatures (others)
  A lich (Abyss:2)
  A fire giant (Depths:3)
  A tengu warrior (Depths:4)
  A wretched star (Abyss:2)
  An elephant (Lair:7)
  A smoke demon (Abyss:2)
  A large abomination (Abyss:2)
  A flying skull (Abyss:3)
  A redback (Spider:4)
  2 starcursed masses (Abyss:2)
  A chaos spawn (Abyss:3)
  A human (Shoals:3)
  2 golden eyes (Abyss:3)
  2 eyes of draining (Abyss:2)
  An ogre (Vaults:5)
  2 small abominations (Abyss:2)
  A jelly (Abyss:3)
  A worker ant (Lair:5)
  An orc (Vaults:5)
  A giant cockroach (Lair:5)
  10 fungi
  A lurking horror (Abyss:2)
  9 plants
  58 starspawn tentacles
  564 starspawn tentacle segments
666 creatures vanquished.

Grand Total: 3798 creatures vanquished

Notes
Turn   | Place    | Note
--------------------------------------------------------------
     0 | D:1      | otabotab the Minotaur Fighter began the quest for the Orb.
     0 | D:1      | Reached XP level 1. HP: 19/19 MP: 0/0
     0 | D:1      | 0 ||| counter = 8
   289 | D:1      | Reached skill level 3 in Axes
   317 | D:1      | Reached XP level 2. HP: 23/26 MP: 1/1
   759 | D:1      | 759 ||| REMOVING +0 shield.
   764 | D:1      | 764 ||| DROPPING +0 shield.
   765 | D:1      | 765 ||| READING 2 scrolls labeled DAPNIU NOUSIDGH.
   766 | D:1      | 766 ||| READING scroll labeled VEFFOU HYJEKAME.
   826 | D:2      | 826 ||| STAIRDANCE
   862 | D:2      | Reached skill level 4 in Axes
  1102 | D:2      | Reached XP level 3. HP: 26/31 MP: 2/2
  1401 | D:2      | Reached skill level 5 in Axes
  1435 | D:2      | Reached XP level 4. HP: 35/39 MP: 3/3
  1656 | D:2      | Found an ancient bone altar of Kikubaaqudgha.
  1658 | D:2      | Found a shattered altar of Ashenzari.
  1662 | D:2      | Found a blossoming altar of Fedhas.
  1662 | D:2      | Found a deep blue altar of Sif Muna.
  1663 | D:2      | Found a shadowy altar of Dithmenos.
  1664 | D:2      | Found a bloodstained altar of Trog.
  1665 | D:2      | Found a burning altar of Makhleb.
  1668 | D:2      | Became a worshipper of Trog the Wrathful
  1671 | D:2      | 1671 ||| UPGRADING to chain mail.
  1681 | D:2      | 1681 ||| DROPPING +0 scale mail.
  1682 | D:2      | 1682 ||| READING scroll labeled MIADGH TULUNNAO.
  1683 | D:2      | 1683 ||| READING 3 scrolls labeled APSAAGIFAI.
  1684 | D:2      | 1684 ||| READING scroll labeled EWEYRH COXOKK.
  1685 | D:2      | 1685 ||| READING scroll labeled FICAMO FEDUN.
  1686 | D:2      | 1686 ||| DRINKING 2 pink potions.
  1784 | D:3      | Reached skill level 6 in Axes
  2020 | D:3      | Found a shimmering altar of Xom.
  2020 | D:3      | Found a shimmering altar of Xom.
  2030 | D:3      | Found a shimmering altar of Xom.
  2041 | D:3      | Noticed an ice beast
  2048 | D:3      | Killed an ice beast
  2048 | D:3      | Reached skill level 7 in Axes
  2048 | D:3      | Reached XP level 5. HP: 36/45 MP: 4/4
  2284 | D:3      | Acquired Trog's first power
  2355 | D:3      | Noticed a phantom
  2404 | D:3      | Killed a phantom
  2404 | D:3      | Reached skill level 8 in Axes
  2404 | D:3      | Reached XP level 6. HP: 48/52 MP: 5/5
  2632 | D:3      | 2632 ||| READING scroll labeled NOKKUF JEOLISH.
  2637 | D:3      | 2637 ||| DRINKING 2 silvery potions.
  2638 | D:3      | 2638 ||| READING scroll of identify.
  2638 | D:3      | 2638 ||| IDENTIFYING small brass amulet
  2639 | D:3      | 2639 ||| UPGRADING to amulet of faith.
  2705 | D:4      | Found a sand-covered staircase.
  2706 | D:4      | 2706 ||| Found Ossuary.
  2717 | Ossuary  | Entered an ossuary
  2718 | Ossuary  | 2718 ||| Entered Ossuary.
  2840 | Ossuary  | 2840 ||| INVOKING Berserk.
  3048 | Ossuary  | Reached XP level 7. HP: 57/60 MP: 6/6
  3059 | Ossuary  | Reached skill level 9 in Axes
  3097 | Ossuary  | 3097 ||| EATING 2 beef jerkies.
  3177 | Ossuary  | 3177 ||| READING 3 scrolls labeled YNUOBR CETHAXT.
  3178 | Ossuary  | 3178 ||| UPGRADING to small tourmaline ring.
  3179 | Ossuary  | 3179 ||| READING 2 scrolls of remove curse.
  3180 | Ossuary  | 3180 ||| REMOVING ring of loudness.
  3181 | Ossuary  | 3181 ||| DROPPING ring of loudness.
  3182 | Ossuary  | 3182 ||| DRINKING 2 gluggy blue potions.
  3227 | Ossuary  | 3227 ||| DRINKING 2 white potions.
  3245 | D:4      | 3245 ||| EATING beef jerky.
  3396 | D:4      | Got an ancient ring mail
  3762 | D:4      | Reached skill level 10 in Axes
  3961 | D:4      | 3961 ||| UPGRADING to ancient ring mail.
  3971 | D:4      | Identified the +5 ring mail of Subjectivity {Str+4 Int+2} (You found it on level 4 of the Dungeon)
  3971 | D:4      | 3971 ||| UPGRADING to +0 chain mail.
  3981 | D:4      | 3981 ||| DROPPING +5 ring mail of Subjectivity {Str+4 Int+2}.
  3982 | D:4      | 3982 ||| READING scroll labeled GIR REXZUGIU.
  3983 | D:4      | 3983 ||| READING scroll labeled OGIPPA YDUYNUO.
  3984 | D:4      | 3984 ||| READING scroll labeled VEDIFU DYLAMY.
  4006 | D:5      | Entered Level 5 of the Dungeon
  4100 | D:5      | Acquired Trog's second power
  4169 | D:5      | 4169 ||| INVOKING Berserk.
  4188 | D:5      | 4188 ||| EATING beef jerky.
  4279 | D:5      | Reached XP level 8. HP: 59/68 MP: 7/7
  4494 | D:5      | Found a staircase to the Ecumenical Temple.
  4551 | D:5      | 4551 ||| UPGRADING to glowing ring mail.
  4561 | D:5      | 4561 ||| UPGRADING to +0 chain mail.
  4571 | D:5      | 4571 ||| DROPPING +3 ring mail.
  4572 | D:5      | 4572 ||| UPGRADING to glass ring.
  4573 | D:5      | 4573 ||| READING 2 scrolls of remove curse.
  4574 | D:5      | 4574 ||| REMOVING ring of teleportation.
  4575 | D:5      | 4575 ||| DROPPING ring of teleportation.
  4605 | D:6      | 4605 ||| STAIRDANCE
  4628 | D:6      | 4628 ||| INVOKING Berserk.
  4656 | D:6      | 4656 ||| EATING 6 bread rations.
  4762 | D:6      | Noticed Sigmund
  4764 | D:6      | 4764 ||| INVOKING Berserk.
  4769 | D:6      | Killed Sigmund
  4769 | D:6      | Reached skill level 11 in Axes
  4871 | D:6      | Noticed Prince Ribbit
  4875 | D:6      | 4875 ||| INVOKING Berserk.
  4880 | D:6      | Killed Prince Ribbit
  4937 | D:6      | 4937 ||| INVOKING Berserk.
  4946 | D:6      | Reached skill level 6 in Fighting
  5001 | D:6      | Found a white marble altar of Elyvilon.
  5005 | D:6      | 5005 ||| UPGRADING to war axe of freezing.
  5006 | D:6      | 5006 ||| DROPPING +0 war axe.
  5036 | D:6      | 5036 ||| INVOKING Berserk.
  5037 | D:6      | Reached skill level 12 in Axes
  5096 | D:6      | Found a radiant altar of Vehumet.
  5146 | D:6      | Noticed Blork the orc
  5159 | D:6      | Killed Blork the orc
  5208 | D:6      | 5208 ||| READING scroll labeled DEQ YLYCRAWA.
  5209 | D:6      | 5209 ||| READING scroll of identify.
  5209 | D:6      | 5209 ||| IDENTIFYING golden ring
  5210 | D:6      | 5210 ||| DROPPING ring of sustain attributes.
  5211 | D:6      | 5211 ||| READING 2 scrolls of teleportation.
  5275 | D:6      | Found a sparkling altar of Nemelex Xobeh.
  5346 | D:6      | Found a glowing silver altar of Zin.
  5419 | D:6      | Found a white marble altar of Elyvilon.
  5527 | D:7      | 5527 ||| EATING 6 bread rations.
  5566 | D:7      | Noticed a centaur zombie
  5578 | D:7      | Killed a centaur zombie
  5578 | D:7      | Reached XP level 9. HP: 67/75 MP: 8/8
  5595 | D:7      | Reached skill level 13 in Axes
  5768 | D:7      | 5768 ||| INVOKING Berserk.
  6009 | D:7      | 6009 ||| INVOKING Berserk.
  6137 | D:7      | 6137 ||| INVOKING Berserk.
  6149 | D:7      | 6149 ||| EATING 5 bread rations.
  6228 | D:7      | Reached skill level 14 in Axes
  6230 | D:7      | 6230 ||| INVOKING Berserk.
  6231 | D:7      | Acquired Trog's third power
  6577 | D:7      | 6577 ||| UPGRADING to pair of runed boots.
  6582 | D:7      | 6582 ||| UPGRADING to glowing plate armour.
  6592 | D:7      | 6592 ||| DROPPING +0 chain mail.
  6623 | D:8      | 6623 ||| INVOKING Berserk.
  6688 | D:8      | 6688 ||| UPGRADING to battleaxe.
  6689 | D:8      | 6689 ||| DROPPING +2 war axe of freezing.
  6879 | D:8      | Noticed Joseph
  6898 | D:8      | Killed Joseph
  6898 | D:8      | Reached XP level 10. HP: 46/86 MP: 9/9
  7050 | D:8      | Reached skill level 15 in Axes
  7369 | D:8      | Found a glowing golden altar of the Shining One.
  7435 | D:8      | 7435 ||| READING scroll labeled LEOL ULEUN.
  7436 | D:8      | 7436 ||| READING scroll labeled FAENWA ITZO.
  7437 | D:8      | 7437 ||| DRINKING 2 ruby potions.
  7441 | D:8      | 7441 ||| DRINKING 2 lumpy inky potions.
  7629 | D:9      | 7629 ||| INVOKING Berserk.
  7751 | D:9      | Reached skill level 16 in Axes
  7793 | D:9      | 7793 ||| INVOKING Berserk.
  8122 | D:9      | 8122 ||| UPGRADING to garnet ring.
  8123 | D:9      | 8123 ||| READING 3 scrolls of remove curse.
  8124 | D:9      | 8124 ||| REMOVING -2 ring of dexterity.
  8125 | D:9      | 8125 ||| DROPPING -2 ring of dexterity.
  8126 | D:9      | 8126 ||| UPGRADING to bone ring.
  8127 | D:9      | 8127 ||| READING scroll labeled VIMONYA BOLYEL.
  8162 | D:10     | Entered Level 10 of the Dungeon
  8163 | D:10     | 8163 ||| STAIRDANCE
  8192 | D:10     | 8192 ||| INVOKING Berserk.
  8244 | D:10     | Noticed Erolcha
  8245 | D:10     | 8245 ||| INVOKING Trog's Hand.
  8246 | D:10     | 8246 ||| INVOKING Brothers in Arms.
  8249 | D:10     | 8249 ||| INVOKING Berserk.
  8254 | D:10     | Killed Erolcha
  8375 | D:10     | Noticed a hill giant
  8379 | D:10     | 8379 ||| INVOKING Berserk.
  8383 | D:10     | Killed a hill giant
  8383 | D:10     | Reached skill level 6 in Armour
  8446 | D:10     | 8446 ||| INVOKING Berserk.
  8521 | D:10     | Found a staircase to the Lair.
  8560 | D:10     | Reached XP level 11. HP: 95/95 MP: 10/10
  8738 | D:10     | Killed an unseen horror
  8738 | D:10     | Reached skill level 17 in Axes
  8854 | D:10     | Noticed Sonja
  8855 | D:10     | 8855 ||| INVOKING Brothers in Arms.
  8860 | D:10     | 8860 ||| INVOKING Berserk.
  8869 | D:10     | Killed Sonja
  8872 | D:10     | 8872 ||| EATING 2 beef jerkies.
  9287 | D:10     | 9287 ||| INVOKING Berserk.
  9293 | D:10     | 9293 ||| EATING beef jerky.
  9346 | D:10     | Noticed Nergalle
  9350 | D:10     | 9350 ||| INVOKING Berserk.
  9380 | D:10     | 9380 ||| READING scroll of teleportation.
  9397 | D:10     | 9397 ||| EATING 9 fruits.
  9482 | D:10     | 9482 ||| INVOKING Berserk.
  9489 | D:10     | Killed Nergalle
  9489 | D:10     | Reached skill level 18 in Axes
  9507 | D:10     | HP: 23/95 [troll (7)]
  9508 | D:10     | 9508 ||| DRINKING 8 potions of heal wounds.
  9510 | D:10     | 9510 ||| DRINKING 7 potions of heal wounds.
  9512 | D:10     | Reached skill level 9 in Fighting
  9513 | D:10     | 9513 ||| EATING 8 fruits.
  9561 | D:10     | 9561 ||| EATING 7 fruits.
  9666 | D:10     | 9666 ||| EATING 6 fruits.
  9891 | D:10     | 9891 ||| DRINKING 2 fizzy yellow potions.
  9891 | D:10     | Gained mutation: [Your magical capacity is low (-10% MP).] [potion of mutation]
  9891 | D:10     | Gained mutation: Your muscles are strong. (Str +2) [potion of mutation]
  9956 | Lair:1   | Entered Level 1 of the Lair of Beasts
  9957 | Lair:1   | 9957 ||| Entered L.
 10198 | Lair:1   | 10198 ||| READING scroll of enchant weapon.
 10198 | Lair:1   | 10198 ||| ENCHANTING +0 battleaxe.
 10273 | Lair:1   | 10273 ||| EATING 14 fruits.
 10570 | Lair:1   | 10570 ||| INVOKING Berserk.
 10670 | Lair:1   | 10670 ||| INVOKING Berserk.
 10681 | Lair:1   | Received a gift from Trog
 10683 | Lair:1   | Reached skill level 19 in Axes
 10685 | Lair:1   | 10685 ||| READING scroll of teleportation.
 10690 | Lair:1   | 10690 ||| INVOKING Brothers in Arms.
 10897 | Lair:1   | 10897 ||| INVOKING Berserk.
 10902 | Lair:1   | 10902 ||| INVOKING Brothers in Arms.
 10903 | Lair:1   | 10903 ||| INVOKING Brothers in Arms.
 10928 | Lair:1   | 10928 ||| EATING 13 fruits.
 10983 | Lair:1   | Got a slimy battleaxe {god gift}
 10984 | Lair:1   | 10984 ||| UPGRADING to slimy battleaxe {god gift}.
 10984 | Lair:1   | Identified the +1 battleaxe of Magnificence {drain, +Fly rF- SInv} (Trog gifted it to you on level 1 of the Lair of Beasts)
 11256 | Lair:1   | 11256 ||| UPGRADING to ivory ring.
 11257 | Lair:1   | 11257 ||| UPGRADING to opal ring.
 11259 | Lair:1   | 11259 ||| DROPPING ring of positive energy.
 11260 | Lair:1   | 11260 ||| DRINKING 2 emerald potions.
 11261 | Lair:1   | 11261 ||| DRINKING 2 blue potions.
 11262 | Lair:1   | 11262 ||| READING 3 scrolls of identify.
 11262 | Lair:1   | 11262 ||| IDENTIFYING amethyst potion
 11263 | Lair:1   | 11263 ||| READING 2 scrolls of identify.
 11263 | Lair:1   | 11263 ||| IDENTIFYING grey potion
 11297 | Lair:2   | 11297 ||| INVOKING Berserk.
 11376 | Lair:2   | Reached XP level 12. HP: 95/105 MP: 9/9
 12034 | Lair:2   | 12034 ||| READING 2 scrolls of identify.
 12034 | Lair:2   | 12034 ||| IDENTIFYING brown potion
 12053 | Lair:3   | 12053 ||| STAIRDANCE
 12359 | Lair:3   | Noticed Urug
 12371 | Lair:3   | Killed Urug
 12809 | Lair:3   | Reached skill level 20 in Axes
 13250 | Lair:3   | Noticed a catoblepas
 13252 | Lair:3   | 13252 ||| Stepping ~*~*~tactically~*~*~ (cloud).
 13259 | Lair:3   | 13259 ||| INVOKING Berserk.
 13263 | Lair:3   | Killed a catoblepas
 13263 | Lair:3   | Reached skill level 9 in Armour
 13313 | Lair:3   | 13313 ||| EATING 12 fruits.
 13447 | Lair:3   | 13447 ||| READING scroll labeled PILERINLOO.
 13448 | Lair:3   | 13448 ||| READING 2 scrolls of identify.
 13448 | Lair:3   | 13448 ||| IDENTIFYING bubbling brown potion
 13493 | Lair:4   | 13493 ||| READING scroll of enchant armour.
 13493 | Lair:4   | 13493 ||| ENCHANTING +1 pair of boots.
 13512 | Lair:4   | 13512 ||| EATING 11 fruits.
 13532 | Lair:4   | 13532 ||| INVOKING Burn Spellbooks.
 13541 | Lair:4   | Noticed an eight-headed hydra
 13542 | Lair:4   | 13542 ||| INVOKING Brothers in Arms.
 13545 | Lair:4   | 13545 ||| INVOKING Berserk.
 13546 | Lair:4   | Killed a nine-headed hydra
 13552 | Lair:4   | 13552 ||| EATING 10 fruits.
 13630 | Lair:4   | Found a labyrinth entrance.
 13638 | Lair:4   | 13638 ||| EATING 9 fruits.
 13661 | Lair:4   | Found a staircase to the Shoals.
 13678 | Lair:4   | Received a gift from Trog
 13773 | Lair:4   | 13773 ||| INVOKING Burn Spellbooks.
 13910 | Lair:4   | 13910 ||| EATING 8 fruits.
 14236 | Lair:4   | 14236 ||| UPGRADING to scratched moonstone ring.
 14238 | Lair:4   | 14238 ||| REMOVING ring of wizardry.
 14239 | Lair:4   | 14239 ||| DROPPING ring of wizardry.
 14240 | Lair:4   | 14240 ||| UPGRADING to +5 ring of protection.
 14285 | Lair:5   | 14285 ||| STAIRDANCE
 14456 | Lair:5   | Received a gift from Trog
 14545 | Lair:5   | Found a hole to the Spider Nest.
 14546 | Lair:5   | Noticed a catoblepas
 14549 | Lair:5   | 14549 ||| Stepping ~*~*~tactically~*~*~ (cloud).
 14551 | Lair:5   | 14551 ||| INVOKING Berserk.
 14564 | Lair:5   | 14564 ||| READING scroll of teleportation.
 14565 | Lair:5   | 14565 ||| Stepping ~*~*~tactically~*~*~ (cloud).
 14575 | Lair:5   | 14575 ||| INVOKING Brothers in Arms.
 14579 | Lair:5   | Killed a catoblepas
 15008 | Lair:5   | Reached XP level 13. HP: 113/116 MP: 10/10
 15601 | Lair:6   | 15601 ||| INVOKING Brothers in Arms.
 15604 | Lair:6   | 15604 ||| INVOKING Brothers in Arms.
 15605 | Lair:6   | 15605 ||| INVOKING Berserk.
 15647 | Lair:6   | 15647 ||| EATING 7 fruits.
 16233 | Lair:6   | 16233 ||| EATING 6 fruits.
 16318 | Lair:6   | Reached skill level 12 in Armour
 16325 | Lair:6   | Received a gift from Trog
 16326 | Lair:6   | Reached skill level 1 in Dodging
 16360 | Lair:6   | Got a transparent battleaxe {god gift}
 16361 | Lair:6   | 16361 ||| UPGRADING to transparent battleaxe {god gift}.
 16361 | Lair:6   | Identified the +9 battleaxe "Siric" {antimagic, rN++ Str+4 Int+2} (Trog gifted it to you on level 6 of the Lair of Beasts)
 16362 | Lair:6   | 16362 ||| DROPPING +1 battleaxe.
 16363 | Lair:6   | 16363 ||| DROPPING +1 battleaxe of Magnificence {drain, +Fly rF- SInv}.
 16416 | Lair:6   | Reached skill level 3 in Dodging
 16835 | Lair:7   | Reached skill level 6 in Dodging
 16889 | Lair:7   | Found a burning altar of Makhleb.
 16893 | Lair:7   | 16893 ||| Stepping ~*~*~tactically~*~*~ (water).
 16971 | Lair:7   | Found a staircase to the Slime Pits.
 16973 | Lair:7   | 16973 ||| INVOKING Brothers in Arms.
 16976 | Lair:7   | 16976 ||| INVOKING Brothers in Arms.
 16977 | Lair:7   | 16977 ||| INVOKING Berserk.
 16989 | Lair:7   | HP: 24/117 [acid (9)]
 16990 | Lair:7   | 16990 ||| DRINKING 6 potions of heal wounds.
 17513 | Lair:7   | Received a gift from Trog
 17519 | Lair:7   | 17519 ||| UPGRADING to runed battleaxe {god gift}.
 17520 | Lair:7   | 17520 ||| UPGRADING to +9 battleaxe "Siric" {antimagic, rN++ Str+4 Int+2}.
 17521 | Lair:7   | 17521 ||| DROPPING +1 antimagic battleaxe.
 17718 | Lair:7   | You fall through a shaft!
 17718 | Lair:8   | Entered Level 8 of the Lair of Beasts
 17719 | Lair:8   | 17719 ||| Shafted from Lair:7 to Lair:8.
 17829 | Lair:7   | 17829 ||| Successfully unshafted to Lair:7.
 17835 | Lair:7   | 17835 ||| INVOKING Berserk.
 18219 | Lair:8   | Reached skill level 9 in Dodging
 18404 | Lair:8   | Found a dark tunnel.
 18417 | Lair:8   | 18417 ||| INVOKING Brothers in Arms.
 18420 | Lair:8   | 18420 ||| INVOKING Berserk.
 18433 | Lair:8   | Reached XP level 14. HP: 125/125 MP: 3/11
 18521 | Lair:8   | 18521 ||| INVOKING Burn Spellbooks.
 19197 | D:11     | 19197 ||| EATING 5 fruits.
 19237 | D:11     | Received a gift from Trog
 19301 | D:11     | 19301 ||| INVOKING Berserk.
 19581 | D:11     | Noticed Snorg
 19582 | D:11     | 19582 ||| INVOKING Brothers in Arms.
 19588 | D:11     | Killed Snorg
 19735 | D:11     | Found Turhaem's Antique Weapon Shop.
 20074 | D:12     | Found a staircase to the Orcish Mines.
 20204 | D:12     | Found a flagged portal.
 20237 | D:12     | 20237 ||| Stepping ~*~*~tactically~*~*~ (water).
 20381 | D:12     | 20381 ||| INVOKING Brothers in Arms.
 20383 | D:12     | 20383 ||| INVOKING Berserk.
 20390 | D:12     | Paralysed by a centaur for 6 turns
 20400 | D:12     | Received a gift from Trog
 20400 | D:12     | Paralysed by a centaur for 6 turns
 20564 | D:12     | Reached skill level 12 in Dodging
 20657 | D:12     | Reached skill level 12 in Fighting
 21006 | D:12     | Noticed a sphinx
 21006 | D:12     | 21006 ||| INVOKING Trog's Hand.
 21012 | D:12     | 21012 ||| INVOKING Brothers in Arms.
 21014 | D:12     | Killed a sphinx
 21017 | D:12     | 21017 ||| INVOKING Berserk.
 21138 | D:12     | 21138 ||| UPGRADING to cloak.
 21143 | D:12     | 21143 ||| READING 8 scrolls of identify.
 21143 | D:12     | 21143 ||| IDENTIFYING viscous grey potion
 21266 | Orc:1    | Entered Level 1 of the Orcish Mines
 21267 | Orc:1    | 21267 ||| Entered O.
 21270 | Orc:1    | 21270 ||| STAIRDANCE
 21276 | Orc:1    | 21276 ||| STAIRDANCE
 21281 | Orc:1    | 21281 ||| STAIRDANCE
 21286 | Orc:1    | 21286 ||| STAIRDANCE
 21453 | Orc:1    | Found Kubow's General Store.
 21567 | Orc:2    | Noticed Maud
 21571 | Orc:2    | 21571 ||| INVOKING Berserk.
 21577 | Orc:2    | Killed Maud
 21747 | Orc:2    | Found a roughly hewn altar of Beogh.
 21971 | Orc:3    | 21971 ||| INVOKING Berserk.
 22058 | Orc:3    | Noticed an orc warlord
 22058 | Orc:3    | 22058 ||| INVOKING Brothers in Arms.
 22062 | Orc:3    | 22062 ||| INVOKING Berserk.
 22067 | Orc:3    | Received a gift from Trog
 22070 | Orc:3    | Killed an orc warlord
 22371 | Orc:3    | Noticed an orc warlord
 22371 | Orc:3    | 22371 ||| INVOKING Brothers in Arms.
 22376 | Orc:3    | 22376 ||| INVOKING Berserk.
 22380 | Orc:3    | Killed an orc warlord
 22553 | Orc:3    | Found a burning altar of Makhleb.
 22763 | Orc:3    | Found a staircase to the Elven Halls.
 22903 | Orc:3    | 22903 ||| UPGRADING to glowing plate armour.
 22913 | Orc:3    | 22913 ||| UPGRADING to +2 plate armour of poison resistance.
 22923 | Orc:3    | 22923 ||| UPGRADING to embroidered cloak.
 22933 | Orc:3    | 22933 ||| DROPPING +0 cloak.
 22934 | Orc:3    | 22934 ||| UPGRADING to knobbly peridot ring.
 22936 | Orc:3    | 22936 ||| REMOVING ring of fire.
 22937 | Orc:3    | 22937 ||| UPGRADING to +5 ring of protection.
 23118 | D:13     | 23118 ||| INVOKING Berserk.
 23219 | D:13     | Received a gift from Trog
 23258 | D:13     | 23258 ||| INVOKING Brothers in Arms.
 23259 | D:13     | 23259 ||| INVOKING Berserk.
 23621 | D:13     | Reached XP level 15. HP: 136/136 MP: 4/12
 24061 | D:13     | 24061 ||| DROPPING 2 silver tomahawks.
 24062 | D:13     | 24062 ||| DROPPING 5 steel tomahawks.
 24063 | D:13     | 24063 ||| DROPPING 8 tomahawks of returning.
 24064 | D:13     | 24064 ||| DROPPING 2 tomahawks.
 24276 | D:14     | Found Nyn Ugips's Assorted Antiques.
 24345 | D:14     | Found Kiteb's Antique Weapon Shoppe.
 24435 | D:14     | Found Xeshuac's Jewellery Emporium.
 24444 | D:14     | Found Itsoc's Assorted Antiques.
 24493 | D:14     | Found Byfishroa's Gadget Emporium.
 24630 | D:14     | 24630 ||| INVOKING Berserk.
 24726 | D:14     | 24726 ||| EATING 4 fruits.
 24773 | D:14     | Received a gift from Trog
 24920 | D:14     | Found a gate to the Vaults.
 24961 | D:14     | 24961 ||| INVOKING Trog's Hand.
 24971 | D:14     | 24971 ||| UPGRADING to encrusted opal ring.
 24973 | D:14     | 24973 ||| REMOVING ring of magical power.
 24974 | D:14     | 24974 ||| DROPPING ring of magical power.
 24975 | D:14     | 24975 ||| UPGRADING to +5 ring of protection.
 24979 | D:15     | Entered Level 15 of the Dungeon
 24981 | D:15     | Found a frozen archway.
 24989 | D:15     | 24989 ||| INVOKING Brothers in Arms.
 24995 | D:15     | 24995 ||| INVOKING Berserk.
 25000 | D:15     | Received a gift from Trog
 25023 | D:15     | 25023 ||| READING 5 scrolls of teleportation.
 25132 | D:15     | 25132 ||| Invisible monster not found???
 25198 | D:15     | 25198 ||| INVOKING Brothers in Arms.
 25200 | D:15     | 25200 ||| INVOKING Berserk.
 25299 | D:15     | 25299 ||| INVOKING Berserk.
 25404 | D:15     | Found a staircase to the Depths.
 25597 | D:15     | Found Yshras's Distillery.
 25914 | D:15     | 25914 ||| UPGRADING to glowing chain mail.
 25924 | D:15     | 25924 ||| UPGRADING to pair of glowing gloves.
 25929 | D:15     | 25929 ||| READING 9 scrolls of remove curse.
 25930 | D:15     | 25930 ||| UPGRADING to +2 plate armour of poison resistance.
 25940 | D:15     | 25940 ||| DROPPING +0 chain mail.
 26009 | D:14     | 26009 ||| INVOKING Berserk.
 26437 | Shoals:1 | Entered Level 1 of the Shoals
 26438 | Shoals:1 | 26438 ||| Entered A.
 26481 | Shoals:1 | 26481 ||| Stepping ~*~*~tactically~*~*~ (water).
 26484 | Shoals:1 | 26484 ||| Stepping ~*~*~tactically~*~*~ (water).
 26580 | Shoals:1 | Noticed Amnekian's ghost (mighty TrMo)
 26580 | Shoals:1 | 26580 ||| INVOKING Brothers in Arms.
 26583 | Shoals:1 | 26583 ||| INVOKING Berserk.
 26602 | Shoals:1 | Killed Amnekian's ghost
 26948 | Shoals:1 | 26948 ||| Stepping ~*~*~tactically~*~*~ (water).
 27162 | Shoals:2 | 27162 ||| Stepping ~*~*~tactically~*~*~ (water).
 27167 | Shoals:2 | Reached skill level 15 in Dodging
 27205 | Shoals:2 | 27205 ||| Stepping ~*~*~tactically~*~*~ (water).
 27220 | Shoals:2 | 27220 ||| INVOKING Trog's Hand.
 27269 | Shoals:2 | 27269 ||| Stepping ~*~*~tactically~*~*~ (water).
 27280 | Shoals:2 | Reached skill level 15 in Armour
 27287 | Shoals:2 | Received a gift from Trog
 27291 | Shoals:2 | Reached XP level 16. HP: 129/147 MP: 4/13
 27295 | Shoals:2 | 27295 ||| Stepping ~*~*~tactically~*~*~ (water).
 27532 | Shoals:2 | 27532 ||| Stepping ~*~*~tactically~*~*~ (water).
 27535 | Shoals:2 | Reached skill level 15 in Fighting
 27578 | Shoals:2 | 27578 ||| Stepping ~*~*~tactically~*~*~ (water).
 27579 | Shoals:2 | 27579 ||| Stepping ~*~*~tactically~*~*~ (water).
 27593 | Shoals:2 | 27593 ||| Stepping ~*~*~tactically~*~*~ (water).
 27735 | Shoals:2 | 27735 ||| Stepping ~*~*~tactically~*~*~ (water).
 27771 | Shoals:2 | 27771 ||| Stepping ~*~*~tactically~*~*~ (water).
 27774 | Shoals:2 | 27774 ||| Stepping ~*~*~tactically~*~*~ (water).
 27862 | Shoals:2 | 27862 ||| UPGRADING to runed marble ring.
 27864 | Shoals:2 | 27864 ||| UPGRADING to +5 ring of protection.
 27866 | Shoals:2 | 27866 ||| DROPPING ring of protection from magic.
 27867 | Shoals:2 | 27867 ||| READING scroll labeled BISUIN NOFUGIME.
 27867 | Shoals:2 | Identified a scroll of acquirement
 27868 | Shoals:2 | Got a translucent cloak
 27869 | Shoals:2 | 27869 ||| UPGRADING to translucent cloak.
 27879 | Shoals:2 | Identified the +1 cloak "Seitsetu" {MR+ Str+2} (You acquired it on level 2 of the Shoals)
 27906 | Shoals:3 | 27906 ||| Stepping ~*~*~tactically~*~*~ (water).
 27982 | Shoals:3 | 27982 ||| Stepping ~*~*~tactically~*~*~ (water).
 27984 | Shoals:3 | 27984 ||| Stepping ~*~*~tactically~*~*~ (water).
 27986 | Shoals:3 | 27986 ||| Stepping ~*~*~tactically~*~*~ (water).
 27988 | Shoals:3 | 27988 ||| Stepping ~*~*~tactically~*~*~ (water).
 27999 | Shoals:3 | 27999 ||| INVOKING Brothers in Arms.
 28003 | Shoals:3 | HP: 36/149 [drowned by a drowned soul[a merfolk avatar] (16)]
 28004 | Shoals:3 | 28004 ||| DRINKING 5 potions of heal wounds.
 28152 | Shoals:3 | 28152 ||| Stepping ~*~*~tactically~*~*~ (water).
 28331 | Shoals:3 | 28331 ||| Stepping ~*~*~tactically~*~*~ (water).
 28378 | Shoals:3 | Noticed Kirke
 28379 | Shoals:3 | 28379 ||| INVOKING Trog's Hand.
 28382 | Shoals:3 | Noticed Polyphemus
 28382 | Shoals:3 | 28382 ||| INVOKING Brothers in Arms.
 28388 | Shoals:3 | 28388 ||| Stepping ~*~*~tactically~*~*~ (cloud).
 28388 | Shoals:3 | Killed Kirke
 28389 | Shoals:3 | 28389 ||| Stepping ~*~*~tactically~*~*~ (cloud).
 28390 | Shoals:3 | 28390 ||| Stepping ~*~*~tactically~*~*~ (water).
 28391 | Shoals:3 | 28391 ||| INVOKING Brothers in Arms.
 28399 | Shoals:3 | 28399 ||| INVOKING Berserk.
 28400 | Shoals:3 | Killed Polyphemus
 28550 | Shoals:3 | Received a gift from Trog
 28796 | Shoals:3 | Noticed Louise
 28797 | Shoals:3 | 28797 ||| INVOKING Trog's Hand.
 28798 | Shoals:3 | 28798 ||| INVOKING Brothers in Arms.
 28800 | Shoals:3 | 28800 ||| Stepping ~*~*~tactically~*~*~ (water).
 28801 | Shoals:3 | 28801 ||| INVOKING Berserk.
 28805 | Shoals:3 | Killed Louise
 28846 | Shoals:3 | 28846 ||| EATING 6 fruits.
 28915 | Shoals:3 | 28915 ||| Stepping ~*~*~tactically~*~*~ (water).
 28921 | Shoals:3 | 28921 ||| Stepping ~*~*~tactically~*~*~ (water).
 28926 | Shoals:3 | Received a gift from Trog
 28928 | Shoals:3 | 28928 ||| Stepping ~*~*~tactically~*~*~ (water).
 28930 | Shoals:3 | 28930 ||| Stepping ~*~*~tactically~*~*~ (water).
 28931 | Shoals:3 | 28931 ||| INVOKING Berserk.
 29131 | Shoals:3 | 29131 ||| UPGRADING to glowing battleaxe {god gift}.
 29132 | Shoals:3 | 29132 ||| UPGRADING to +9 battleaxe "Siric" {antimagic, rN++ Str+4 Int+2}.
 29133 | Shoals:3 | 29133 ||| DROPPING +1 battleaxe of venom.
 29278 | Shoals:3 | 29278 ||| UPGRADING to glowing plate armour.
 29288 | Shoals:3 | 29288 ||| UPGRADING to +2 plate armour of poison resistance.
 29319 | Shoals:4 | Entered Level 4 of the Shoals
 29511 | Shoals:4 | 29511 ||| Stepping ~*~*~tactically~*~*~ (water).
 29560 | Shoals:4 | 29560 ||| Stepping ~*~*~tactically~*~*~ (water).
 29580 | Shoals:4 | 29580 ||| Stepping ~*~*~tactically~*~*~ (water).
 29594 | Shoals:4 | 29594 ||| INVOKING Burn Spellbooks.
 29787 | Shoals:4 | 29787 ||| INVOKING Trog's Hand.
 29831 | Shoals:4 | 29831 ||| INVOKING Trog's Hand.
 29909 | Shoals:4 | 29909 ||| Stepping ~*~*~tactically~*~*~ (water).
 29911 | Shoals:4 | 29911 ||| Stepping ~*~*~tactically~*~*~ (water).
 29915 | Shoals:4 | 29915 ||| Stepping ~*~*~tactically~*~*~ (water).
 30072 | Shoals:4 | 30072 ||| INVOKING Trog's Hand.
 30097 | Shoals:4 | 30097 ||| INVOKING Brothers in Arms.
 30398 | Shoals:4 | 30398 ||| Stepping ~*~*~tactically~*~*~ (water).
 30431 | Shoals:4 | 30431 ||| INVOKING Berserk.
 30431 | Shoals:4 | HP: 42/228 [water nymph/the raging water (27)]
 30441 | Shoals:4 | HP: 29/228 [merfolk aquamancer/trident (8)]
 30442 | Shoals:4 | Received a gift from Trog
 30454 | Shoals:4 | 30454 ||| DRINKING 4 potions of heal wounds.
 30455 | Shoals:4 | HP: 24/152 [manticore/volley of spikes (17)]
 30456 | Shoals:4 | 30456 ||| READING 5 scrolls of teleportation.
 30457 | Shoals:4 | 30457 ||| DRINKING 3 potions of heal wounds.
 30459 | Shoals:4 | 30459 ||| Stepping ~*~*~tactically~*~*~ (water).
 30460 | Shoals:4 | 30460 ||| READING 4 scrolls of teleportation.
 30461 | Shoals:4 | 30461 ||| DRINKING 2 potions of heal wounds.
 30465 | Shoals:4 | 30465 ||| READING 3 scrolls of teleportation.
 30681 | Shoals:4 | Noticed Aizul
 30681 | Shoals:4 | 30681 ||| INVOKING Trog's Hand.
 30682 | Shoals:4 | 30682 ||| INVOKING Brothers in Arms.
 30684 | Shoals:4 | 30684 ||| INVOKING Berserk.
 30690 | Shoals:4 | Killed Aizul
 30697 | Shoals:4 | 30697 ||| EATING 5 fruits.
 30799 | Shoals:4 | 30799 ||| READING 15 scrolls of identify.
 30799 | Shoals:4 | 30799 ||| IDENTIFYING lumpy silvery potion
 30800 | Shoals:4 | 30800 ||| Stepping ~*~*~tactically~*~*~ (water).
 30801 | Shoals:4 | 30801 ||| DRINKING potion of experience.
 30801 | Shoals:4 | Reached XP level 17. HP: 149/159 MP: 4/14
 30805 | Shoals:4 | 30805 ||| READING 2 scrolls of teleportation.
 30806 | Shoals:4 | 30806 ||| Waiting to end mesmerise (stuck).
 30807 | Shoals:4 | 30807 ||| Waiting to end mesmerise (stuck).
 30873 | Shoals:4 | Reached XP level 18. HP: 154/168 MP: 5/15
 30897 | Shoals:4 | 30897 ||| INVOKING Berserk.
 30991 | Shoals:4 | 30991 ||| Stepping ~*~*~tactically~*~*~ (water).
 30992 | Shoals:4 | 30992 ||| INVOKING Berserk.
 31044 | Shoals:4 | 31044 ||| EATING 4 fruits.
 31240 | Shoals:4 | Got a barnacled rune of Zot
 31292 | Shoals:4 | 31292 ||| Stepping ~*~*~tactically~*~*~ (water).
 31480 | Shoals:4 | 31480 ||| Stepping ~*~*~tactically~*~*~ (water).
 31502 | Shoals:4 | 31502 ||| Stepping ~*~*~tactically~*~*~ (water).
 31567 | Shoals:4 | Noticed Ilsuiw
 31591 | Shoals:4 | 31591 ||| INVOKING Berserk.
 31592 | Shoals:4 | Killed Ilsuiw
 31612 | Shoals:4 | 31612 ||| EATING 3 fruits.
 31619 | Shoals:4 | 31619 ||| READING scroll of teleportation.
 31854 | Shoals:4 | 31854 ||| EATING 2 fruits.
 32064 | Shoals:4 | 32064 ||| Stepping ~*~*~tactically~*~*~ (water).
 32083 | Shoals:4 | 32083 ||| Stepping ~*~*~tactically~*~*~ (water).
 32353 | Lair:3   | 32353 ||| EATING fruit.
 32587 | D:12     | Received a gift from Trog
 32597 | D:12     | Got an iridescent battleaxe {god gift}
 32598 | D:12     | 32598 ||| UPGRADING to iridescent battleaxe {god gift}.
 32598 | D:12     | Identified the +9 battleaxe of the Iron City of Dis {chop, rElec rPois MR- Dex+2} (Trog gifted it to you on level 12 of the Dungeon)
 32599 | D:12     | 32599 ||| UPGRADING to +9 battleaxe "Siric" {antimagic, rN++ Str+4 Int+2}.
 32624 | D:12     | 32624 ||| UPGRADING to ruby ring.
 32626 | D:12     | 32626 ||| UPGRADING to +5 ring of protection.
 32628 | D:12     | 32628 ||| UPGRADING to ring of protection from cold.
 32869 | Vaults:1 | Entered Level 1 of the Vaults
 32870 | Vaults:1 | 32870 ||| Entered V.
 32895 | Vaults:1 | 32895 ||| INVOKING Trog's Hand.
 32962 | Vaults:1 | 32962 ||| INVOKING Burn Spellbooks.
 33138 | Vaults:1 | 33138 ||| INVOKING Trog's Hand.
 33195 | Vaults:1 | 33195 ||| READING scroll of enchant armour.
 33195 | Vaults:1 | 33195 ||| ENCHANTING +2 plate armour of poison resistance.
 33472 | Vaults:1 | Received a gift from Trog
 33606 | Vaults:1 | 33606 ||| INVOKING Burn Spellbooks.
 33830 | Vaults:1 | 33830 ||| READING scroll of enchant armour.
 33830 | Vaults:1 | 33830 ||| ENCHANTING +3 plate armour of poison resistance.
 34020 | Vaults:1 | 34020 ||| DRINKING 4 potions of resistance.
 34039 | Vaults:1 | Reached skill level 18 in Fighting
 34181 | Vaults:1 | 34181 ||| READING 17 scrolls of identify.
 34181 | Vaults:1 | 34181 ||| IDENTIFYING red potion
 34205 | Vaults:2 | 34205 ||| STAIRDANCE
 34252 | Vaults:2 | 34252 ||| INVOKING Trog's Hand.
 34257 | Vaults:2 | Reached skill level 18 in Dodging
 34264 | Vaults:2 | 34264 ||| INVOKING Berserk.
 34288 | Vaults:2 | 34288 ||| READING scroll of teleportation.
 34314 | Vaults:2 | Reached skill level 18 in Armour
 34333 | Vaults:2 | Received a gift from Trog
 34346 | Vaults:2 | 34346 ||| UPGRADING to glowing executioner's axe {god gift}.
 34357 | Vaults:2 | 34357 ||| UPGRADING to +9 battleaxe of the Iron City of Dis {chop, rElec rPois MR- Dex+2}.
 34358 | Vaults:2 | 34358 ||| UPGRADING to +9 battleaxe "Siric" {antimagic, rN++ Str+4 Int+2}.
 34359 | Vaults:2 | 34359 ||| DROPPING +2 executioner's axe of chopping.
 34489 | Vaults:2 | 34489 ||| INVOKING Berserk.
 34601 | Vaults:2 | 34601 ||| INVOKING Burn Spellbooks.
 34758 | Vaults:2 | 34758 ||| INVOKING Trog's Hand.
 34808 | Vaults:2 | Noticed Jorgrun
 34815 | Vaults:2 | Killed Jorgrun
 34971 | Vaults:2 | 34971 ||| INVOKING Trog's Hand.
 34978 | Vaults:2 | Reached XP level 19. HP: 151/180 MP: 5/16
 34983 | Vaults:2 | Received a gift from Trog
 35027 | Vaults:2 | 35027 ||| UPGRADING to glowing battleaxe {god gift}.
 35028 | Vaults:2 | 35028 ||| UPGRADING to +9 battleaxe of the Iron City of Dis {chop, rElec rPois MR- Dex+2}.
 35029 | Vaults:2 | 35029 ||| UPGRADING to +9 battleaxe "Siric" {antimagic, rN++ Str+4 Int+2}.
 35030 | Vaults:2 | 35030 ||| DROPPING +7 battleaxe of chopping.
 35419 | Vaults:2 | 35419 ||| UPGRADING to ring of protection.
 35421 | Vaults:2 | 35421 ||| READING 10 scrolls of remove curse.
 35422 | Vaults:2 | 35422 ||| REMOVING -2 ring of protection.
 35423 | Vaults:2 | 35423 ||| UPGRADING to +2 ring of evasion.
 35424 | Vaults:2 | 35424 ||| DROPPING -2 ring of protection.
 35425 | Vaults:2 | 35425 ||| UPGRADING to +5 ring of protection.
 35454 | Vaults:3 | 35454 ||| INVOKING Berserk.
 35499 | Vaults:3 | Found a staircase to the Crypt.
 35685 | Vaults:3 | 35685 ||| INVOKING Trog's Hand.
 35691 | Vaults:3 | 35691 ||| INVOKING Berserk.
 36153 | Vaults:3 | 36153 ||| INVOKING Berserk.
 36161 | Vaults:3 | Received a gift from Trog
 36166 | Vaults:3 | 36166 ||| EATING 5 beef jerkies.
 36214 | Vaults:3 | 36214 ||| UPGRADING to runed executioner's axe {god gift}.
 36215 | Vaults:3 | 36215 ||| UPGRADING to +9 battleaxe of the Iron City of Dis {chop, rElec rPois MR- Dex+2}.
 36216 | Vaults:3 | 36216 ||| DROPPING +5 executioner's axe of chopping.
 36217 | Vaults:3 | 36217 ||| UPGRADING to +9 battleaxe "Siric" {antimagic, rN++ Str+4 Int+2}.
 36405 | Vaults:3 | 36405 ||| INVOKING Berserk.
 36485 | Vaults:3 | 36485 ||| INVOKING Trog's Hand.
 36741 | Vaults:3 | 36741 ||| READING scroll labeled HEISUD ZUUH.
 36753 | Vaults:4 | 36753 ||| INVOKING Berserk.
 36780 | Vaults:4 | 36780 ||| EATING 5 beef jerkies.
 36995 | Vaults:4 | 36995 ||| INVOKING Trog's Hand.
 37135 | Vaults:4 | Found a flickering gateway to a bazaar.
 37223 | Vaults:4 | 37223 ||| INVOKING Trog's Hand.
 37309 | Vaults:4 | 37309 ||| INVOKING Trog's Hand.
 37310 | Vaults:4 | 37310 ||| INVOKING Berserk.
 37443 | Vaults:4 | Received a gift from Trog
 37446 | Vaults:4 | 37446 ||| UPGRADING to glowing executioner's axe {god gift}.
 37447 | Vaults:4 | 37447 ||| UPGRADING to +9 battleaxe of the Iron City of Dis {chop, rElec rPois MR- Dex+2}.
 37448 | Vaults:4 | 37448 ||| DROPPING +4 executioner's axe of freezing.
 37449 | Vaults:4 | 37449 ||| UPGRADING to +9 battleaxe "Siric" {antimagic, rN++ Str+4 Int+2}.
 37496 | Vaults:4 | 37496 ||| INVOKING Trog's Hand.
 37550 | Vaults:4 | 37550 ||| INVOKING Berserk.
 37646 | Vaults:4 | 37646 ||| INVOKING Trog's Hand.
 37658 | Vaults:4 | 37658 ||| READING scroll of enchant armour.
 37658 | Vaults:4 | 37658 ||| ENCHANTING +4 plate armour of poison resistance.
 37682 | Vaults:4 | 37682 ||| INVOKING Berserk.
 37932 | Vaults:4 | 37932 ||| INVOKING Trog's Hand.
 37967 | Vaults:4 | Received a gift from Trog
 38093 | Vaults:4 | 38093 ||| UPGRADING to runed battleaxe {god gift}.
 38093 | Vaults:4 | 38093 ||| Eating in order to wield vampiric weapon.
 38093 | Vaults:4 | 38093 ||| EATING 4 beef jerkies.
 38094 | Vaults:4 | 38094 ||| Eating in order to wield vampiric weapon.
 38094 | Vaults:4 | 38094 ||| EATING 3 beef jerkies.
 38095 | Vaults:4 | 38095 ||| Eating in order to wield vampiric weapon.
 38095 | Vaults:4 | 38095 ||| EATING 2 beef jerkies.
 38096 | Vaults:4 | 38096 ||| UPGRADING to vampiric battleaxe {god gift}.
 38097 | Vaults:4 | 38097 ||| DROPPING +9 battleaxe of the Iron City of Dis {chop, rElec rPois MR- Dex+2}.
 38098 | Vaults:4 | 38098 ||| DROPPING +9 battleaxe "Siric" {antimagic, rN++ Str+4 Int+2}.
 38099 | Vaults:4 | 38099 ||| READING 4 scrolls of enchant weapon.
 38099 | Vaults:4 | 38099 ||| ENCHANTING +5 vampiric battleaxe.
 38100 | Vaults:4 | 38100 ||| READING 3 scrolls of enchant weapon.
 38100 | Vaults:4 | 38100 ||| ENCHANTING +6 vampiric battleaxe.
 38101 | Vaults:4 | 38101 ||| READING 2 scrolls of enchant weapon.
 38101 | Vaults:4 | 38101 ||| ENCHANTING +7 vampiric battleaxe.
 38102 | Vaults:4 | 38102 ||| READING scroll of enchant weapon.
 38102 | Vaults:4 | 38102 ||| ENCHANTING +8 vampiric battleaxe.
 38410 | Vaults:4 | 38410 ||| UPGRADING to ring of protection from cold.
 38412 | Vaults:4 | 38412 ||| UPGRADING to +2 ring of evasion.
 38414 | Vaults:4 | 38414 ||| UPGRADING to +5 ring of protection.
 38416 | Vaults:4 | 38416 ||| UPGRADING to ring of protection from cold.
 38888 | Lair:6   | 38888 ||| EATING 2 beef jerkies.
 38971 | Spider:1 | Entered Level 1 of the Spider Nest
 38972 | Spider:1 | 38972 ||| Entered N.
 38976 | Spider:1 | 38976 ||| STAIRDANCE
 39110 | Spider:1 | 39110 ||| INVOKING Brothers in Arms.
 39327 | Spider:1 | Reached XP level 20. HP: 193/193 MP: 17/17
 39564 | Spider:1 | Noticed Roxanne
 39565 | Spider:1 | 39565 ||| INVOKING Brothers in Arms.
 39570 | Spider:1 | 39570 ||| INVOKING Berserk.
 39574 | Spider:1 | Killed Roxanne
 39578 | Spider:1 | 39578 ||| INVOKING Burn Spellbooks.
 39760 | Spider:1 | 39760 ||| READING 18 scrolls of identify.
 39760 | Spider:1 | 39760 ||| IDENTIFYING murky white potion
 39790 | Spider:2 | 39790 ||| STAIRDANCE
 39798 | Spider:2 | 39798 ||| STAIRDANCE
 39800 | Spider:1 | Received a gift from Trog
 40211 | Spider:2 | Received a gift from Trog
 40233 | Spider:2 | 40233 ||| Stepping ~*~*~tactically~*~*~ (water).
 40392 | Spider:2 | Noticed Frances
 40406 | Spider:2 | Killed Frances
 40569 | Spider:2 | Noticed Norris
 40569 | Spider:2 | 40569 ||| INVOKING Trog's Hand.
 40572 | Spider:2 | 40572 ||| INVOKING Berserk.
 40583 | Spider:2 | Killed Norris
 40721 | Spider:2 | 40721 ||| READING 2 scrolls of teleportation.
 41053 | Spider:3 | 41053 ||| READING scroll of teleportation.
 41127 | Spider:3 | Received a gift from Trog
 41567 | Spider:4 | Entered Level 4 of the Spider Nest
 41630 | Spider:4 | Received a gift from Trog
 41733 | Spider:4 | 41733 ||| Stepping ~*~*~tactically~*~*~ (water).
 41787 | Spider:4 | 41787 ||| Stepping ~*~*~tactically~*~*~ (water).
 41789 | Spider:4 | 41789 ||| Stepping ~*~*~tactically~*~*~ (water).
 41989 | Spider:4 | 41989 ||| DRINKING 14 potions of curing.
 41989 | Spider:4 | 41989 ||| (to cure bad poison)
 41991 | Spider:4 | Received a gift from Trog
 42081 | Spider:4 | Got a gossamer rune of Zot
 42261 | Spider:4 | 42261 ||| EATING 2 beef jerkies.
 42562 | Spider:4 | 42562 ||| UPGRADING to ring of evasion.
 42564 | Spider:4 | 42564 ||| DROPPING +2 ring of evasion.
 42565 | Spider:4 | 42565 ||| UPGRADING to +5 ring of protection.
 42750 | Lair:1   | 42750 ||| EATING beef jerky.
 42964 | Depths:1 | Entered Level 1 of the Depths
 42965 | Depths:1 | 42965 ||| Entered U.
 43004 | Depths:1 | Noticed Asterion
 43026 | Depths:1 | Killed Asterion
 43143 | Depths:1 | Found a gateway to a ziggurat.
 43154 | Depths:1 | 43154 ||| DRINKING 13 potions of curing.
 43154 | Depths:1 | 43154 ||| (to cure confusion)
 43181 | Depths:1 | Noticed the Enchantress
 43181 | Depths:1 | 43181 ||| INVOKING Trog's Hand.
 43182 | Depths:1 | 43182 ||| INVOKING Brothers in Arms.
 43185 | Depths:1 | 43185 ||| INVOKING Berserk.
 43200 | Depths:1 | Killed the Enchantress
 43427 | Depths:1 | Found a one-way gate to the infinite horrors of the Abyss.
 43530 | Depths:1 | Received a gift from Trog
 43639 | Depths:1 | Found a gateway to Hell.
 43708 | Depths:1 | Reached XP level 21. HP: 202/202 MP: 17/17
 43741 | Depths:1 | 43741 ||| EATING beef jerky.
 43961 | Depths:1 | 43961 ||| DROPPING 4 javelins.
 43962 | Depths:1 | 43962 ||| DROPPING 33 poisoned javelins.
 43963 | Depths:1 | 43963 ||| DROPPING 7 javelins of penetration.
 44033 | Depths:2 | 44033 ||| INVOKING Berserk.
 44043 | Depths:2 | HP: 74/304 [yaktaur captain/bolt (26)]
 44050 | Depths:2 | HP: 46/203 [yaktaur captain/bolt (7)]
 44051 | Depths:2 | 44051 ||| DRINKING 2 potions of heal wounds.
 44052 | Depths:2 | 44052 ||| DRINKING potion of heal wounds.
 44053 | Depths:2 | 44053 ||| INVOKING Brothers in Arms.
 44085 | Depths:2 | 44085 ||| INVOKING Berserk.
 44092 | Depths:2 | 44092 ||| INVOKING Trog's Hand.
 44104 | Depths:2 | 44104 ||| EATING 3 slices of pizza.
 44222 | Depths:2 | 44222 ||| INVOKING Trog's Hand.
 44478 | Depths:2 | Noticed Wiglaf
 44496 | Depths:2 | Killed Wiglaf
 44592 | Depths:2 | Reached skill level 21 in Dodging
 44663 | Depths:2 | Reached skill level 21 in Armour
 44892 | Depths:2 | Reached skill level 21 in Fighting
 44961 | Depths:2 | 44961 ||| INVOKING Trog's Hand.
 44965 | Depths:2 | Reached skill level 21 in Axes
 44970 | Depths:2 | Received a gift from Trog
 44972 | Depths:2 | 44972 ||| INVOKING Berserk.
 44981 | Depths:2 | 44981 ||| EATING 2 slices of pizza.
 45062 | Depths:2 | 45062 ||| READING scroll of enchant armour.
 45062 | Depths:2 | 45062 ||| ENCHANTING +5 plate armour of poison resistance.
 45083 | Depths:2 | 45083 ||| INVOKING Berserk.
 45140 | Depths:2 | 45140 ||| INVOKING Burn Spellbooks.
 45305 | Depths:2 | Found a runed door.
 45331 | Depths:2 | 45331 ||| INVOKING Brothers in Arms.
 45536 | Depths:2 | 45536 ||| INVOKING Trog's Hand.
 45537 | Depths:2 | 45537 ||| INVOKING Brothers in Arms.
 45556 | Depths:2 | 45556 ||| INVOKING Brothers in Arms.
 45566 | Depths:2 | 45566 ||| INVOKING Berserk.
 45579 | Depths:2 | 45579 ||| INVOKING Brothers in Arms.
 45580 | Depths:2 | 45580 ||| Stepping randomly (disturbance).
 45580 | Depths:2 | Gained mutation: You heal slowly when monsters are visible. [a cacodemon]
 45581 | Depths:2 | 45581 ||| DRINKING potion of cure mutation.
 45581 | Depths:2 | Lost mutation: Your muscles are strong. (Str +2) [potion of cure mutation]
 45581 | Depths:2 | Lost mutation: [Your magical capacity is low (-10% MP).] [potion of cure mutation]
 45581 | Depths:2 | Lost mutation: You heal slowly when monsters are visible. [potion of cure mutation]
 45586 | Depths:2 | 45586 ||| READING scroll of teleportation.
 45602 | Depths:2 | 45602 ||| INVOKING Brothers in Arms.
 45613 | Depths:2 | 45613 ||| INVOKING Trog's Hand.
 45631 | Depths:2 | Found a one-way gate leading to the halls of Pandemonium.
 45634 | Depths:2 | Received a gift from Trog
 45759 | Depths:2 | 45759 ||| INVOKING Burn Spellbooks.
 45759 | Depths:2 | Received a gift from Trog
 45912 | Depths:2 | 45912 ||| UPGRADING to glowing plate armour.
 45922 | Depths:2 | 45922 ||| DROPPING +1 plate armour of fire resistance.
 45923 | Depths:2 | 45923 ||| UPGRADING to runed hat.
 45928 | Depths:2 | 45928 ||| UPGRADING to +6 plate armour of poison resistance.
 45938 | Depths:2 | 45938 ||| DROPPING fire dragon hide.
 45939 | Depths:2 | 45939 ||| DROPPING +3 plate armour of cold resistance.
 45940 | Depths:2 | 45940 ||| UPGRADING to ring of dexterity.
 45942 | Depths:2 | 45942 ||| UPGRADING to +2 ring of evasion.
 45944 | Depths:2 | 45944 ||| UPGRADING to +5 ring of protection.
 45946 | Depths:2 | 45946 ||| DROPPING +3 ring of dexterity.
 45957 | Depths:2 | 45957 ||| READING 4 scrolls of teleportation.
 45976 | Depths:2 | 45976 ||| READING 3 scrolls of teleportation.
 46012 | Depths:2 | 46012 ||| READING 2 scrolls of teleportation.
 46033 | Depths:2 | 46033 ||| INVOKING Brothers in Arms.
 46047 | Depths:2 | 46047 ||| INVOKING Brothers in Arms.
 46175 | Depths:2 | 46175 ||| INVOKING Brothers in Arms.
 46398 | Depths:2 | 46398 ||| INVOKING Trog's Hand.
 46399 | Depths:2 | 46399 ||| INVOKING Brothers in Arms.
 46403 | Depths:2 | 46403 ||| EATING slice of pizza.
 46404 | Depths:2 | 46404 ||| UPGRADING to ring of evasion.
 46406 | Depths:2 | 46406 ||| DROPPING +2 ring of evasion.
 46407 | Depths:2 | 46407 ||| DROPPING ring of protection from cold.
 46408 | Depths:2 | 46408 ||| UPGRADING to +5 ring of protection.
 46412 | Depths:2 | 46412 ||| INVOKING Berserk.
 46462 | Depths:2 | 46462 ||| DROPPING ring of protection from cold.
 46520 | Depths:3 | 46520 ||| INVOKING Trog's Hand.
 46529 | Depths:3 | 46529 ||| EATING 22 meat rations.
 46542 | Depths:3 | 46542 ||| INVOKING Brothers in Arms.
 46649 | Depths:3 | Reached XP level 22. HP: 183/213 MP: 21/21
 46769 | Depths:3 | 46769 ||| INVOKING Trog's Hand.
 46990 | Depths:3 | Noticed Saint Roka
 46991 | Depths:3 | 46991 ||| INVOKING Trog's Hand.
 46992 | Depths:3 | 46992 ||| INVOKING Brothers in Arms.
 46994 | Depths:3 | 46994 ||| INVOKING Berserk.
 47012 | Depths:3 | Killed Saint Roka
 47016 | Depths:3 | Reached skill level 22 in Fighting
 47094 | Depths:3 | 47094 ||| INVOKING Brothers in Arms.
 47099 | Depths:3 | 47099 ||| INVOKING Brothers in Arms.
 47100 | Depths:3 | Noticed Mara
 47103 | Depths:3 | 47103 ||| INVOKING Brothers in Arms.
 47104 | Depths:3 | 47104 ||| INVOKING Berserk.
 47111 | Depths:3 | Noticed otabotab's illusion
 47135 | Depths:3 | Killed Mara
 47140 | Depths:3 | Killed Mara
 47145 | Depths:3 | Killed Mara
 47639 | Depths:3 | 47639 ||| INVOKING Burn Spellbooks.
 47639 | Depths:3 | Received a gift from Trog
 47877 | Depths:3 | 47877 ||| UPGRADING to glowing plate armour.
 47887 | Depths:3 | 47887 ||| UPGRADING to +1 plate armour of fire resistance.
 47897 | Depths:3 | 47897 ||| DROPPING +0 plate armour of positive energy.
 47898 | Depths:3 | 47898 ||| UPGRADING to +6 plate armour of poison resistance.
 47942 | Depths:4 | 47942 ||| INVOKING Berserk.
 47949 | Depths:4 | 47949 ||| EATING beef jerky.
 48148 | Depths:4 | 48148 ||| READING scroll of acquirement.
 48149 | Depths:4 | Got a pair of crude gloves
 48186 | Depths:4 | 48186 ||| INVOKING Brothers in Arms.
 48187 | Depths:4 | 48187 ||| INVOKING Berserk.
 48210 | Depths:4 | 48210 ||| EATING 22 meat rations.
 48255 | Depths:4 | Noticed Jory
 48270 | Depths:4 | Killed Jory
 48360 | Depths:4 | 48360 ||| INVOKING Trog's Hand.
 48575 | Depths:4 | 48575 ||| READING scroll of enchant armour.
 48575 | Depths:4 | 48575 ||| ENCHANTING +6 plate armour of poison resistance.
 48684 | Depths:4 | 48684 ||| INVOKING Berserk.
 48728 | Depths:4 | 48728 ||| INVOKING Burn Spellbooks.
 48756 | Depths:4 | 48756 ||| INVOKING Trog's Hand.
 48762 | Depths:4 | 48762 ||| INVOKING Brothers in Arms.
 48763 | Depths:4 | 48763 ||| INVOKING Berserk.
 48841 | Depths:4 | 48841 ||| INVOKING Burn Spellbooks.
 48975 | Depths:4 | 48975 ||| DROPPING +1 plate armour of fire resistance.
 48976 | Depths:4 | 48976 ||| UPGRADING to pair of crude gloves.
 48986 | Depths:4 | Identified the +2 pair of gloves of the Cuttlefish {rC+ rN+++ Int-5 SInv} (You acquired it on level 4 of the Depths)
 48986 | Depths:4 | Lost intelligence.
 48989 | Depths:4 | 48989 ||| DROPPING +2 pair of gloves of dexterity.
 48990 | Depths:4 | 48990 ||| UPGRADING to runed plate armour.
 49000 | Depths:4 | 49000 ||| UPGRADING to +7 plate armour of poison resistance.
 49010 | Depths:4 | 49010 ||| DROPPING +3 plate armour of magic resistance.
 49067 | Depths:5 | Entered Level 5 of the Depths
 49068 | Depths:5 | 49068 ||| STAIRDANCE
 49087 | Depths:5 | 49087 ||| INVOKING Berserk.
 49147 | Depths:5 | 49147 ||| READING 3 scrolls of teleportation.
 49148 | Depths:5 | 49148 ||| READING 3 scrolls of teleportation.
 49149 | Depths:5 | 49149 ||| READING 3 scrolls of teleportation.
 49311 | Depths:5 | 49311 ||| INVOKING Berserk.
 49487 | Depths:5 | 49487 ||| Stepping ~*~*~tactically~*~*~ (cloud).
 49507 | Depths:5 | 49507 ||| Stepping ~*~*~tactically~*~*~ (cloud).
 49542 | Depths:5 | Reached XP level 23. HP: 152/224 MP: 22/22
 49573 | Depths:5 | Received a gift from Trog
 49618 | Depths:5 | Found a gate to the Realm of Zot.
 49650 | Depths:5 | 49650 ||| INVOKING Berserk.
 49723 | Depths:5 | Found a portal to a secret trove of treasure.
 49737 | Depths:5 | 49737 ||| INVOKING Brothers in Arms.
 49935 | Depths:5 | 49935 ||| INVOKING Burn Spellbooks.
 50009 | Depths:5 | 50009 ||| INVOKING Trog's Hand.
 50010 | Depths:5 | 50010 ||| INVOKING Brothers in Arms.
 50013 | Depths:5 | 50013 ||| INVOKING Berserk.
 50032 | Depths:5 | 50032 ||| EATING 4 fruits.
 50033 | Depths:5 | 50033 ||| EATING 3 fruits.
 50159 | Depths:5 | 50159 ||| DRINKING 17 potions of curing.
 50159 | Depths:5 | 50159 ||| (to cure confusion)
 50323 | Depths:5 | 50323 ||| READING 3 scrolls of teleportation.
 50324 | Depths:5 | 50324 ||| READING 3 scrolls of teleportation.
 50325 | Depths:5 | 50325 ||| READING 3 scrolls of teleportation.
 50326 | Depths:5 | 50326 ||| READING 3 scrolls of teleportation.
 50338 | Depths:5 | 50338 ||| READING 2 scrolls of teleportation.
 50339 | Depths:5 | 50339 ||| READING 2 scrolls of teleportation.
 50340 | Depths:5 | 50340 ||| READING 2 scrolls of teleportation.
 50341 | Depths:5 | 50341 ||| READING 2 scrolls of teleportation.
 50344 | Depths:5 | 50344 ||| READING scroll of teleportation.
 50357 | Depths:5 | Received a gift from Trog
 50471 | Depths:5 | 50471 ||| INVOKING Berserk.
 50527 | Depths:5 | 50527 ||| UPGRADING to glowing cloak.
 50537 | Depths:5 | 50537 ||| UPGRADING to +1 cloak "Seitsetu" {MR+ Str+2}.
 50674 | Depths:2 | 50674 ||| Stepping ~*~*~tactically~*~*~ (water).
 50751 | Depths:1 | 50751 ||| INVOKING Brothers in Arms.
 50754 | Depths:1 | 50754 ||| INVOKING Brothers in Arms.
 50764 | Depths:1 | 50764 ||| EATING 2 fruits.
 50974 | Vaults:3 | 50974 ||| INVOKING Trog's Hand.
 51056 | Vaults:5 | Entered Level 5 of the Vaults
 51057 | Vaults:5 | 51057 ||| INVOKING Trog's Hand.
 51058 | Vaults:5 | 51058 ||| STAIRDANCE
 51081 | Vaults:5 | 51081 ||| STAIRDANCE
 51094 | Vaults:4 | Reached skill level 23 in Armour
 51113 | Vaults:5 | 51113 ||| STAIRDANCE
 51157 | Vaults:5 | 51157 ||| INVOKING Trog's Hand.
 51158 | Vaults:5 | Received a gift from Trog
 51165 | Vaults:5 | 51165 ||| STAIRDANCE
 51185 | Vaults:5 | 51185 ||| STAIRDANCE
 51370 | Vaults:5 | Received a gift from Trog
 51499 | Vaults:5 | 51499 ||| INVOKING Berserk.
 51598 | Vaults:5 | Got a silver rune of Zot
 51602 | Vaults:5 | 51602 ||| INVOKING Trog's Hand.
 51626 | Vaults:5 | 51626 ||| INVOKING Trog's Hand.
 51638 | Vaults:5 | 51638 ||| INVOKING Trog's Hand.
 51735 | Vaults:5 | Found Voclamp's Magic Scroll Emporium.
 51752 | Vaults:5 | Found Geitukuf's Food Shoppe.
 51784 | Vaults:5 | Found Wuwosh's Food Emporium.
 51926 | Vaults:5 | 51926 ||| INVOKING Berserk.
 51932 | Vaults:5 | Received a gift from Trog
 51932 | Vaults:5 | Reached XP level 24. HP: 236/236 MP: 22/22
 51949 | Vaults:5 | 51949 ||| INVOKING Burn Spellbooks.
 52134 | Vaults:5 | 52134 ||| INVOKING Berserk.
 52177 | Vaults:5 | 52177 ||| INVOKING Burn Spellbooks.
 52266 | Vaults:5 | Got a coiled lead ring
 52328 | Vaults:5 | 52328 ||| INVOKING Trog's Hand.
 52329 | Vaults:5 | 52329 ||| INVOKING Brothers in Arms.
 52460 | Vaults:5 | 52460 ||| INVOKING Trog's Hand.
 52476 | Vaults:5 | 52476 ||| INVOKING Berserk.
 52720 | Vaults:5 | 52720 ||| EATING 3 fruits.
 52760 | Vaults:5 | 52760 ||| INVOKING Trog's Hand.
 52889 | Vaults:5 | 52889 ||| UPGRADING to shiny plate armour.
 52899 | Vaults:5 | 52899 ||| UPGRADING to +7 plate armour of poison resistance.
 52909 | Vaults:5 | 52909 ||| DROPPING +2 plate armour of positive energy.
 52910 | Vaults:5 | 52910 ||| UPGRADING to runed plate armour.
 52920 | Vaults:5 | 52920 ||| UPGRADING to +7 plate armour of poison resistance.
 52930 | Vaults:5 | 52930 ||| DROPPING +3 plate armour of poison resistance.
 52931 | Vaults:5 | 52931 ||| UPGRADING to glowing wooden ring.
 52933 | Vaults:5 | 52933 ||| REMOVING ring of poison resistance.
 52934 | Vaults:5 | 52934 ||| DROPPING ring of poison resistance.
 52935 | Vaults:5 | 52935 ||| UPGRADING to coiled lead ring.
 52935 | Vaults:5 | Identified the cursed ring of Kylloxtawk {rF+ rN+ EV-4 Dex-5} (You took it off a tengu reaver on level 5 of the Vaults)
 52936 | Vaults:5 | 52936 ||| READING 21 scrolls of remove curse.
 52937 | Vaults:5 | 52937 ||| READING 21 scrolls of remove curse.
 52938 | Vaults:5 | 52938 ||| READING 21 scrolls of remove curse.
 52939 | Vaults:5 | 52939 ||| READING 21 scrolls of remove curse.
 52940 | Vaults:5 | 52940 ||| READING 21 scrolls of remove curse.
 52941 | Vaults:5 | 52941 ||| READING 21 scrolls of remove curse.
 52942 | Vaults:5 | 52942 ||| REMOVING ring of Kylloxtawk {rF+ rN+ EV-4 Dex-5}.
 52943 | Vaults:5 | 52943 ||| DROPPING ring of Kylloxtawk {rF+ rN+ EV-4 Dex-5}.
 52944 | Vaults:5 | 52944 ||| UPGRADING to knobbly tourmaline ring.
 52945 | Vaults:5 | 52945 ||| REMOVING ring of see invisible.
 52946 | Vaults:5 | 52946 ||| DROPPING ring of see invisible.
 52947 | Vaults:5 | 52947 ||| UPGRADING to +5 ring of evasion.
 53114 | Vaults:1 | 53114 ||| EATING 2 fruits.
 53266 | Depths:1 | Voluntarily entered the Abyss.
 53302 | Abyss:2  | 53302 ||| EATING fruit.
 53389 | Abyss:2  | 53389 ||| INVOKING Trog's Hand.
 53391 | Abyss:2  | 53391 ||| INVOKING Berserk.
 53405 | Abyss:2  | Gained mutation: Your body sometimes deteriorates upon taking damage. [a cacodemon]
 53412 | Abyss:2  | 53412 ||| Stepping ~*~*~tactically~*~*~ (cloud).
 53678 | Abyss:2  | Received a gift from Trog
 53702 | Abyss:2  | 53702 ||| INVOKING Berserk.
 53712 | Abyss:2  | 53712 ||| EATING 4 fruits.
 53713 | Abyss:2  | 53713 ||| INVOKING Trog's Hand.
 53717 | Abyss:2  | 53717 ||| READING scroll of teleportation.
 53718 | Abyss:2  | 53718 ||| READING scroll of teleportation.
 53730 | Abyss:2  | 53730 ||| INVOKING Trog's Hand.
 53759 | Abyss:2  | 53759 ||| EATING 3 fruits.
 53858 | Abyss:2  | 53858 ||| Stepping ~*~*~tactically~*~*~ (cloud).
 54020 | Abyss:2  | 54020 ||| Stepping ~*~*~tactically~*~*~ (cloud).
 54193 | Abyss:2  | Reached skill level 24 in Dodging
 54234 | Abyss:2  | Reached skill level 24 in Armour
 54328 | Abyss:2  | Reached skill level 24 in Fighting
 54423 | Abyss:2  | 54423 ||| INVOKING Trog's Hand.
 54573 | Abyss:2  | Reached skill level 24 in Axes
 54704 | Abyss:2  | 54704 ||| INVOKING Trog's Hand.
 54828 | Abyss:2  | 54828 ||| EATING 2 fruits.
 54831 | Abyss:2  | 54831 ||| INVOKING Berserk.
 54848 | Abyss:2  | 54848 ||| EATING fruit.
 54920 | Abyss:2  | 54920 ||| INVOKING Trog's Hand.
 54936 | Abyss:2  | 54936 ||| EATING 3 beef jerkies.
 55243 | Abyss:2  | 55243 ||| EATING 2 beef jerkies.
 55274 | Abyss:2  | 55274 ||| INVOKING Trog's Hand.
 55283 | Abyss:2  | Lost mutation: Your body sometimes deteriorates upon taking damage. [potion of cure mutation]
 55513 | Abyss:2  | 55513 ||| EATING beef jerky.
 55543 | Abyss:2  | 55543 ||| Stepping randomly (stuck).
 55544 | Abyss:2  | 55544 ||| Stepping randomly (stuck).
 55545 | Abyss:2  | 55545 ||| Standing still (stuck).
 55546 | Abyss:2  | 55546 ||| Standing still (stuck).
 55547 | Abyss:2  | 55547 ||| Standing still (stuck).
 55548 | Abyss:2  | 55548 ||| Standing still (stuck).
 55549 | Abyss:2  | 55549 ||| Standing still (stuck).
 55550 | Abyss:2  | 55550 ||| Standing still (stuck).
 55551 | Abyss:2  | 55551 ||| Standing still (stuck).
 55552 | Abyss:2  | 55552 ||| Standing still (stuck).
 55553 | Abyss:2  | 55553 ||| Standing still (stuck).
 55713 | Abyss:2  | Received a gift from Trog
 55728 | Abyss:2  | 55728 ||| Stepping ~*~*~tactically~*~*~ (water).
 55729 | Abyss:2  | 55729 ||| INVOKING Trog's Hand.
 55738 | Abyss:2  | 55738 ||| Stepping ~*~*~tactically~*~*~ (water).
 55743 | Abyss:2  | 55743 ||| Stepping ~*~*~tactically~*~*~ (water).
 55747 | Abyss:2  | 55747 ||| Stepping ~*~*~tactically~*~*~ (water).
 55766 | Abyss:2  | Found a blossoming altar of Fedhas.
 55795 | Abyss:2  | 55795 ||| EATING 24 meat rations.
 55818 | Abyss:2  | 55818 ||| Stepping ~*~*~tactically~*~*~ (water).
 55864 | Abyss:2  | Reached XP level 25. HP: 172/172 MP: 15/15
 55877 | Abyss:2  | Gained mutation: You are dopey. (Int -2) [a neqoxec]
 55885 | Abyss:2  | 55885 ||| Stepping ~*~*~tactically~*~*~ (water).
 56000 | Abyss:2  | 56000 ||| INVOKING Trog's Hand.
 56097 | Abyss:2  | 56097 ||| DRINKING 17 potions of curing.
 56097 | Abyss:2  | 56097 ||| (to cure confusion)
 56111 | Abyss:2  | Found a corrupted altar of Lugonu.
 56259 | Abyss:2  | 56259 ||| INVOKING Trog's Hand.
 56260 | Abyss:2  | 56260 ||| INVOKING Brothers in Arms.
 56286 | Abyss:2  | 56286 ||| Stepping randomly (stuck).
 56287 | Abyss:2  | 56287 ||| Stepping randomly (stuck).
 56551 | Abyss:2  | 56551 ||| EATING 23 meat rations.
 56755 | Abyss:2  | Gained mutation: [Potions and wands are less effective at restoring your health.] [a shining eye]
 56756 | Abyss:2  | Gained mutation: [You are clumsy. (Dex -2)] [a shining eye]
 57001 | Abyss:2  | Paralysed by you for 4 turns
 57118 | Abyss:2  | Received a gift from Trog
 57168 | Abyss:2  | Gained mutation: You have sharp toenails. [a neqoxec]
 57282 | Abyss:2  | 57282 ||| INVOKING Trog's Hand.
 57297 | Abyss:2  | 57297 ||| INVOKING Trog's Hand.
 57299 | Abyss:2  | 57299 ||| Stepping ~*~*~tactically~*~*~ (water).
 57321 | Abyss:2  | 57321 ||| Stepping ~*~*~tactically~*~*~ (water).
 57328 | Abyss:2  | 57328 ||| INVOKING Berserk.
 57330 | Abyss:2  | Gained mutation: You tend to lose your temper in combat. [a neqoxec]
 57334 | Abyss:2  | 57334 ||| INVOKING Brothers in Arms.
 57339 | Abyss:2  | 57339 ||| EATING 23 meat rations.
 57342 | Abyss:2  | 57342 ||| Stepping ~*~*~tactically~*~*~ (water).
 57344 | Abyss:2  | 57344 ||| INVOKING Trog's Hand.
 57354 | Abyss:2  | 57354 ||| INVOKING Trog's Hand.
 57440 | Abyss:2  | 57440 ||| INVOKING Trog's Hand.
 57441 | Abyss:2  | 57441 ||| INVOKING Brothers in Arms.
 57443 | Abyss:2  | 57443 ||| INVOKING Berserk.
 57473 | Abyss:2  | 57473 ||| INVOKING Trog's Hand.
 57474 | Abyss:2  | 57474 ||| INVOKING Brothers in Arms.
 57825 | Abyss:2  | 57825 ||| EATING 22 meat rations.
 57854 | Abyss:2  | Gained mutation: You often lose your temper in combat. [a neqoxec]
 57888 | Abyss:2  | 57888 ||| INVOKING Trog's Hand.
 58007 | Abyss:2  | 58007 ||| Stepping ~*~*~tactically~*~*~ (water).
 58015 | Abyss:2  | 58015 ||| Stepping ~*~*~tactically~*~*~ (water).
 58035 | Abyss:2  | 58035 ||| Stepping ~*~*~tactically~*~*~ (water).
 58040 | Abyss:2  | 58040 ||| INVOKING Trog's Hand.
 58041 | Abyss:2  | 58041 ||| INVOKING Brothers in Arms.
 58045 | Abyss:2  | 58045 ||| INVOKING Berserk.
 58049 | Abyss:2  | Reached skill level 25 in Dodging
 58057 | Abyss:2  | 58057 ||| Stepping ~*~*~tactically~*~*~ (cloud).
 58061 | Abyss:2  | 58061 ||| Stepping ~*~*~tactically~*~*~ (cloud).
 58076 | Abyss:2  | Gained mutation: You have an uncontrollable temper. [a cacodemon]
 58146 | Abyss:2  | 58146 ||| Stepping randomly (stuck).
 58148 | Abyss:2  | 58148 ||| Stepping randomly (stuck).
 58360 | Abyss:2  | 58360 ||| INVOKING Brothers in Arms.
 58361 | Abyss:2  | 58361 ||| INVOKING Brothers in Arms.
 58362 | Abyss:2  | 58362 ||| INVOKING Brothers in Arms.
 58364 | Abyss:2  | 58364 ||| INVOKING Berserk.
 58394 | Abyss:2  | 58394 ||| EATING 21 meat rations.
 58489 | Abyss:2  | 58489 ||| INVOKING Brothers in Arms.
 58491 | Abyss:2  | 58491 ||| INVOKING Berserk.
 58532 | Abyss:2  | Gained mutation: You are very dopey. (Int -4) [a neqoxec]
 58569 | Abyss:2  | Reached XP level 26. HP: 204/256 MP: 22/22
 58582 | Abyss:2  | 58582 ||| INVOKING Trog's Hand.
 58586 | Abyss:2  | 58586 ||| INVOKING Brothers in Arms.
 58598 | Abyss:2  | 58598 ||| INVOKING Berserk.
 58615 | Abyss:2  | 58615 ||| EATING 20 meat rations.
 58618 | Abyss:2  | 58618 ||| INVOKING Brothers in Arms.
 58619 | Abyss:2  | 58619 ||| INVOKING Brothers in Arms.
 58620 | Abyss:2  | 58620 ||| INVOKING Brothers in Arms.
 58621 | Abyss:2  | 58621 ||| INVOKING Brothers in Arms.
 58626 | Abyss:2  | 58626 ||| INVOKING Trog's Hand.
 58652 | Abyss:2  | 58652 ||| INVOKING Trog's Hand.
 58666 | Abyss:2  | 58666 ||| INVOKING Berserk.
 58685 | Abyss:2  | 58685 ||| Stepping ~*~*~tactically~*~*~ (water).
 58691 | Abyss:2  | 58691 ||| INVOKING Trog's Hand.
 58692 | Abyss:2  | 58692 ||| EATING 19 meat rations.
 58723 | Abyss:2  | Paralysed by accursed screaming for 2 turns
 58725 | Abyss:2  | 58725 ||| INVOKING Berserk.
 58728 | Abyss:2  | Paralysed by accursed screaming for 2 turns
 58735 | Abyss:2  | Paralysed by accursed screaming for 2 turns
 58740 | Abyss:2  | Paralysed by accursed screaming for 2 turns
 58741 | Abyss:2  | HP: 86/345 [starcursed mass/accursed screaming (11)]
 58747 | Abyss:2  | HP: 66/384 [starcursed mass/accursed screaming (7)]
 58754 | Abyss:2  | HP: 86/384 [starcursed mass/accursed screaming (4)]
 58757 | Abyss:2  | 58757 ||| DRINKING potion of heal wounds.
 58758 | Abyss:2  | 58758 ||| INVOKING Trog's Hand.
 58759 | Abyss:2  | 58759 ||| INVOKING Brothers in Arms.
 58759 | Abyss:2  | HP: 44/258 [starcursed mass/accursed screaming (10)]
 58759 | Abyss:2  | Paralysed by accursed screaming for 1 turns
 58764 | Abyss:2  | HP: 39/258 [efreet/scimitar of flaming (7)]
 58769 | Abyss:2  | 58769 ||| INVOKING Brothers in Arms.
 58770 | Abyss:2  | HP: 32/258 [starcursed mass/accursed screaming (15)]
 58777 | Abyss:2  | Found a corrupted altar of Lugonu.
 58781 | Abyss:2  | 58781 ||| INVOKING Trog's Hand.
 58795 | Abyss:2  | 58795 ||| INVOKING Trog's Hand.
 58807 | Abyss:2  | 58807 ||| INVOKING Berserk.
 58822 | Abyss:2  | 58822 ||| INVOKING Trog's Hand.
 58847 | Abyss:2  | Found a corrupted altar of Lugonu.
 58972 | Abyss:2  | 58972 ||| EATING 18 meat rations.
 59079 | Abyss:2  | 59079 ||| Stepping ~*~*~tactically~*~*~ (water).
 59083 | Abyss:2  | 59083 ||| Stepping ~*~*~tactically~*~*~ (water).
 59148 | Abyss:2  | Gained mutation: Your body sometimes deteriorates upon taking damage. [a neqoxec]
 59304 | Abyss:2  | 59304 ||| EATING 17 meat rations.
 59307 | Abyss:2  | 59307 ||| INVOKING Trog's Hand.
 59320 | Abyss:2  | 59320 ||| INVOKING Brothers in Arms.
 59419 | Abyss:2  | 59419 ||| INVOKING Trog's Hand.
 59622 | Abyss:2  | Paralysed by accursed screaming for 1 turns
 59681 | Abyss:2  | Gained mutation: [Your spells are a little easier to cast, but a little less powerful.] [a neqoxec]
 59684 | Abyss:2  | 59684 ||| UPGRADING to runed cloak.
 59691 | Abyss:2  | 59691 ||| UPGRADING to runed cloak.
 59770 | Abyss:2  | 59770 ||| EATING 16 meat rations.
 59773 | Abyss:2  | 59773 ||| UPGRADING to +1 cloak "Seitsetu" {MR+ Str+2}.
 59811 | Abyss:2  | 59811 ||| INVOKING Trog's Hand.
 59831 | Abyss:2  | Found a corrupted altar of Lugonu.
 59887 | Abyss:2  | 59887 ||| DROPPING +0 cloak of magic resistance.
 59903 | Abyss:2  | Found a corrupted altar of Lugonu.
 59924 | Abyss:2  | 59924 ||| INVOKING Trog's Hand.
 59925 | Abyss:2  | 59925 ||| INVOKING Brothers in Arms.
 59926 | Abyss:2  | 59926 ||| INVOKING Berserk.
 60054 | Abyss:3  | Gained mutation: [Your spells are easier to cast, but less powerful.] [a neqoxec]
 60071 | Abyss:3  | Received a gift from Trog
 60118 | Abyss:3  | 60118 ||| EATING 2 beef jerkies.
 60275 | Abyss:3  | 60275 ||| EATING beef jerky.
 60407 | Abyss:3  | 60407 ||| EATING 15 meat rations.
 60428 | Abyss:3  | 60428 ||| Stepping ~*~*~tactically~*~*~ (water).
 60501 | Abyss:3  | 60501 ||| INVOKING Berserk.
 60509 | Abyss:3  | 60509 ||| INVOKING Trog's Hand.
 60588 | Abyss:3  | Gained mutation: [Scrolls take you longer to read.] [a neqoxec]
 60623 | Abyss:3  | 60623 ||| Stepping ~*~*~tactically~*~*~ (water).
 60640 | Abyss:3  | 60640 ||| Stepping ~*~*~tactically~*~*~ (water).
 60649 | Abyss:3  | 60649 ||| Stepping ~*~*~tactically~*~*~ (water).
 60657 | Abyss:3  | 60657 ||| INVOKING Brothers in Arms.
 60663 | Abyss:3  | 60663 ||| INVOKING Trog's Hand.
 60675 | Abyss:3  | HP: 64/260 [smoke demon/divine providence (13)]
 60686 | Abyss:3  | 60686 ||| INVOKING Trog's Hand.
 60694 | Abyss:3  | 60694 ||| INVOKING Trog's Hand.
 60707 | Abyss:3  | 60707 ||| Stepping ~*~*~tactically~*~*~ (water).
 60708 | Abyss:3  | 60708 ||| INVOKING Berserk.
 60716 | Abyss:3  | Gained mutation: You expend magic power (3 MP) to strengthen your wands. [a neqoxec]
 60719 | Abyss:3  | 60719 ||| Stepping ~*~*~tactically~*~*~ (water).
 60721 | Abyss:3  | 60721 ||| INVOKING Brothers in Arms.
 60723 | Abyss:3  | 60723 ||| INVOKING Trog's Hand.
 60728 | Abyss:3  | 60728 ||| Stepping ~*~*~tactically~*~*~ (water).
 60742 | Abyss:3  | 60742 ||| EATING 14 meat rations.
 60745 | Abyss:3  | 60745 ||| INVOKING Trog's Hand.
 60755 | Abyss:3  | Reached skill level 26 in Dodging
 60760 | Abyss:3  | 60760 ||| INVOKING Trog's Hand.
 60770 | Abyss:3  | 60770 ||| INVOKING Trog's Hand.
 60807 | Abyss:3  | Gained mutation: Your body often deteriorates upon taking damage. [a neqoxec]
 60889 | Abyss:3  | Gained mutation: [You are extremely frail (-30% HP).] [a neqoxec]
 60938 | Abyss:3  | Reached XP level 27. HP: 188/188 MP: 18/19
 61014 | Abyss:3  | 61014 ||| INVOKING Trog's Hand.
 61015 | Abyss:3  | 61015 ||| INVOKING Brothers in Arms.
 61017 | Abyss:3  | 61017 ||| INVOKING Brothers in Arms.
 61018 | Abyss:3  | 61018 ||| INVOKING Berserk.
 61022 | Abyss:3  | 61022 ||| EATING 13 meat rations.
 61039 | Abyss:3  | 61039 ||| INVOKING Trog's Hand.
 61077 | Abyss:3  | 61077 ||| INVOKING Berserk.
 61092 | Abyss:3  | 61092 ||| INVOKING Brothers in Arms.
 61093 | Abyss:3  | 61093 ||| INVOKING Brothers in Arms.
 61095 | Abyss:3  | 61095 ||| INVOKING Trog's Hand.
 61104 | Abyss:3  | 61104 ||| Stepping ~*~*~tactically~*~*~ (cloud).
 61209 | Abyss:3  | 61209 ||| Stepping ~*~*~tactically~*~*~ (water).
 61223 | Abyss:3  | 61223 ||| Stepping ~*~*~tactically~*~*~ (water).
 61244 | Abyss:3  | 61244 ||| Stepping ~*~*~tactically~*~*~ (cloud).
 61245 | Abyss:3  | 61245 ||| Stepping ~*~*~tactically~*~*~ (cloud).
 61251 | Abyss:3  | 61251 ||| INVOKING Trog's Hand.
 61279 | Abyss:3  | Paralysed by accursed screaming for 1 turns
 61283 | Abyss:3  | Paralysed by accursed screaming for 2 turns
 61288 | Abyss:3  | HP: 47/188 [starcursed mass/accursed screaming (13)]
 61288 | Abyss:3  | Paralysed by accursed screaming for 2 turns
 61289 | Abyss:3  | HP: 12/188 [large abomination (25)]
 61290 | Abyss:3  | HP: 3/188 [bone dragon (4)]
 61291 | Abyss:3  | Mangled by a bone dragon

Vault maps used:
D:1:      evilmike_arrival_hilbert_curve
D:2:      minitemple
D:3:      xom_redecorated
D:4:      enter_ossuary_4, minivault_14
D:5:      lemuel_ice_spiral_2, minmay_temple_entry_nine_rooms, first_bread
D:6:      fiery_altar_vehumet, nemelex_altar_shiori, zin_statuary,
          nicolae_overflow_hidden_temple, elyvilon_altar_3, uniq_prince_ribbit1,
          uniq_blork_the_orc, uniq_sigmund
D:8:      nicolae_tso_carved_into_rock, hangedman_pestilent_swarm, uniq_joseph
D:9:      spider_trap
D:10:     lair_0_dummy, uniq_erolcha, uniq_sonja, uniq_nergalle
D:11:     serial_shops, shop, minmay_misc_feat_pillars, uniq_snorg
D:12:     minmay_nested_s, enter_bailey_2, disabler_island
D:13:     kennysheep_generic_room_3
D:14:     david_vaults_4, serial_shops, shop, kennysheep_little_box,
          nicolae_shop_behind_doors, nicolae_shop_waterfront,
          nicolae_shop_overgrown_old_shop
D:15:     grunt_enter_depths_hoard, portal_ice_cave_entry_imps,
          kennysheep_flooded_box, serial_shops, shop, item_on_display_a
Lair:1:   beast_lair_carwin_2, lemuel_fruit_tree
Lair:3:   uniq_urug
Lair:4:   elwin_shoals_entry_rocks, lab_entry_generic
Lair:5:   nicolae_spider_entry_non_spiders, st_stairs_6, wad_woods_01,
          serial_bayou_shore_b, serial_bayou_shore_b
Lair:6:   beast_lair_carwin_large_3
Lair:7:   nicolae_slime_entry_slimehenge, basic_altar, serial_bayou,
          serial_bayou_pond_d, serial_bayou_pond_c, serial_bayou_ford_a,
          serial_bayou_pond_e
Lair:8:   due_jungle_book, enter_volcano_1, bh_autumn_forest_stairs
Shoals:2: nicolae_shoals_aquamancer_cove
Shoals:3: uniq_kirke, uniq_louise, uniq_polyphemus
Shoals:4: shoals_end_simple, shoals_ilsuiw_alternative, uniq_aizul
Spider:1: nicolae_spider_webs_and_nodes, uniq_roxanne
Spider:2: spiders_nest_a, nicolae_spider_cling_halls, uniq_norris, uniq_frances
Spider:3: nicolae_crawler_farm
Spider:4: grunt_spider_rune_parallel
Orc:1:    serial_shops, nicolae_shop_behind_doors
Orc:2:    nicolae_orc_lost_temple, uniq_maud
Orc:3:    basic_altar, nicolae_orc_pool_cavern, minmay_orc_treasury
Vaults:1: ontoclasm_vaults_loading_screen, v_misc_26, ontoclasm_vaults_eye,
          v_misc_29, vaults_room_guarded_vault, nicolae_vaults_little_squares_4,
          hangedman_vaults_snaps, nicolae_vaults_three_branches,
          nicolae_vaults_diagonal_hallway_7, v_misc_10
Vaults:2: v_misc_22, vaults_dpeg_ring, vaults_standard_mumra_enter_the_diamond,
          v_rooms_6, v_pattern_5, dpeg_vaults_monster_box,
          nicolae_vaults_big_angled_halls, v_misc_2, hangedman_vaults_unwind,
          nicolae_vaults_diagonal_hallway_9, ontoclasm_vaults_idyll, v_misc_13,
          v_misc_16, uniq_jorgrun
Vaults:3: nicolae_vaults_murderbox, v_misc_17, hangedman_vaults_impose,
          ontoclasm_vaults_ring_square, v_misc_26, grunt_vaults_bifocal,
          nicolae_vaults_alarming, nicolae_vaults_diagonal_hallway_8,
          ontoclasm_vaults_ring_small, ontoclasm_vaults_fault,
          minmay_crypt_entry_simple_box, vaults_room_pools
Vaults:4: vaults_room_hallway, nicolae_vaults_circle_grid_a,
          nicolae_vaults_fighting_squares, ontoclasm_vaults_shuriken,
          nicolae_vaults_big_ls, v_misc_3, nicolae_vaults_little_squares_5,
          hangedman_vaults_stream, v_misc_10, serial_ice_h,
          nicolae_vaults_rhombus_5, serial_shops, bzr_entry_customers
Depths:1: enter_ziggurat_f, serial_glass, glass_columns_a, glass_columns_b,
          glass_columns_b, glass_columns_c, glass_columns_b, glass_columns_b,
          glass_columns_c, glass_columns_a, due_unseen_surprise,
          feat_on_display, unseen_surprise_small, item_on_display_a, hell_entry,
          abyss_entry_crystal, hangedman_decor_peaks_small,
          lemuel_flames_and_gold, uniq_asterion, uniq_enchantress
Depths:2: box_level_dp, pan_entry, hell_entry, uniq_wiglaf
Depths:3: kennysheep_scales, grunt_pan_entry_in_and_out, hangedman_coc_ice_floe,
          minmay_misc_feat_hallway, hangedman_aviary, minmay_staircase_bubble,
          uniq_mara, uniq_saint_roka
Depths:4: minmay_fractal_lines_corner, minmay_misc_feat_diagonals,
          mu_enter_wizlab_6, hell_entry, abyss_entry,
          infiniplex_staircase_pool_2, grunt_megastairs_2, uniq_jory
Depths:5: grunt_zot_entry_bicorn, lightli_too_deep, kennysheep_doodads,
          enter_trove_1
Abyss:2:  serial_sigils_hangedman_shear
Ossuary:  ossuary_tomb_1

Action                   |  1- 3 |  4- 6 |  7- 9 | 10-12 | 13-15 | 16-18 | 19-21 | 22-24 | 25-27 || total
-------------------------+-------+-------+-------+-------+-------+-------+-------+-------+-------++-------
Melee: War axe           |    75 |   173 |   215 |       |       |       |       |       |       ||   463
       Battleaxe         |       |       |    27 |   535 |  1016 |   911 |  1425 |  1689 |  1793 ||  7396
       Executioner's axe |       |       |       |       |       |     5 |       |       |       ||     5
Throw: Tomahawk          |       |    16 |       |   149 |   276 |       |       |       |       ||   441
       Javelin           |       |       |       |    29 |    14 |   104 |   202 |       |       ||   349
Invok: Berserk           |       |     1 |    11 |    17 |    19 |    10 |    17 |    18 |    14 ||   107
       Brothers in Arms  |       |       |       |     6 |    14 |     6 |    14 |    11 |    17 ||    68
       Trog's Hand       |       |       |       |     1 |     3 |    11 |    17 |    22 |    34 ||    88
       Burn Spellbooks   |       |       |       |     2 |     1 |     4 |     3 |     6 |       ||    16
  Use: Scroll            |     2 |     6 |     9 |    14 |     3 |    11 |    15 |     7 |       ||    67
       Potion            |       |     2 |     2 |     7 |     1 |     6 |     5 |     2 |     2 ||    27
 Stab: Distracted        |       |       |       |       |     1 |       |     4 |     4 |     1 ||    10
       Petrified         |       |       |       |       |       |     1 |       |       |       ||     1
       Invisible         |       |       |       |       |       |       |       |       |     5 ||     5
       Paralysed         |       |       |       |       |       |       |       |       |     1 ||     1
  Eat: Chunk             |     2 |     5 |     8 |    32 |    58 |    33 |    45 |    42 |     8 ||   233
       Beef jerky        |       |       |     3 |     2 |       |       |     9 |     4 |     2 ||    20
       Bread ration      |       |       |     3 |       |       |       |       |       |       ||     3
       Fruit             |       |       |       |    11 |     4 |     6 |       |    10 |       ||    31
       Pizza             |       |       |       |       |       |       |     3 |       |       ||     3
       Meat ration       |       |       |       |       |       |       |     1 |     2 |    12 ||    15
